Workbook

Sheet Índice
E5: Anexos al Informe de Seguimiento de los Créditos Externos de Inversión Pública en Periodo de Ejecución
E6: del Gobierno Central y Resto del Sector Público
E7: I Semestre 2026
E9: TABLA DE CONTENIDOS
E12: Anexo 1 | F12: FECHAS IMPORTANTES ASOCIADAS A LOS CONTRATOS DE PRÉSTAMO DE INVERSIÓN EN EJECUCIÓN
E14: Anexo 2 | F14: ESTADO FINANCIERO, FÍSICO Y DE PLAZOS ASOCIADOS A LOS CRÉDITOS DE INVERSIÓN EN EJECUCIÓN
E16: Anexo 3 | F16: PROGRAMACIÓN DE DESEMBOLSOS DE LOS CRÉDITOS EXTERNOS DE INVERSIÓN EN EJECUCIÓN
E18: Anexo 4 | F18: ESTADO FINANCIERO DE LA CONTRAPARTIDA NACIONAL/INSTITUCIONAL Y DONACIÓN ASOCIADOS A LOS CRÉDITOS DE INVERSIÓN EN EJECUCIÓN
E20: Anexo 5 | F20: DESEMBOLSOS, COMISIONES DE COMPROMISO, AVANCE FINANCIERO, AVANCE FISICO 2016 AL I SEMESTRE 2026 Y DESEMPEÑO DE LOS CRÉDITOS DE INVERSIÓN EN EJECUCIÓN
E22: Anexo 6 | F22: GESTIÓN DEL VALOR PLANIFICADO DE LOS CRÉDITOS DE INVERSIÓN EN EJECUCIÓN
E24: Anexo 7 | F24: AJUSTES EN EL MONTO TOTAL DEL PLAN DE INVERSIÓN DE LOS PROGRAMAS/PROYECTOS EN EJECUCIÓN

Sheet Anexo 1
A4: ANEXO N° 1:
A5: FECHAS IMPORTANTES ASOCIADAS A LOS CONTRATOS DE PRÉSTAMO DE INVERSIÓN EN EJECUCIÓN
A6: (cifras expresadas en valores absolutos en US$)
A7: 46203
A10: Referencia del Acreedor | B10: Nombre del Programa/Proyecto | C10: Organismo Ejecutor | D10: Deudor / Garante | E10: Monto del Préstamo (en US$) | F10: Fecha Suscripción del Contrato | G10: Fecha de Aprobación de Ley | H10: Número de Ley | I10: Fecha de entrada en vigencia del Crédito | J10: Fecha incorporación de recursos al Presupuesto Nacional y/o Institucional | K10: Fecha de vencimiento del período de desembolso original | L10: Fecha de vencimiento del período de desembolso con prórrogas | M10: Cantidad de prórrogas otorgadas al período de desembolso | N10: Fecha de vencimiento del Servicio de la Deuda
A12: BCIE
A13: 2129 | B13: Proyecto de Reducción de Agua No Contabilizada y Optimización de la Eficiencia Energética en el GAM | C13: AyA | D13: AYA | E13: 130000000 | F13: 42228 | G13: N/A | H13: N/A | I13: 42228 | J13: 42391 | K13: 45150 | L13: 47299 | M13: 2 | N13: 47707
A14: 2164 | B14: Programa de Abastecimiento del Área Metropolitana de San José, Acueductos Urbanos II y Alcantarillado Sanitario de Juanito Mora de Puntarenas | C14: AyA | D14: AYA | E14: 1.5456239e+08 | F14: 43224 | G14: N/A | H14: N/A | I14: 43224 | J14: 43531 | K14: 45412 | L14: 46690 | M14: 1 | N14: 50890
A15: 2188-A | B15: Programa Acueductos y Alcantarillados en Ciudades Costeras (PAACC) | C15: AyA | D15: AYA | E15: 111128810 | F15: 43592 | G15: N/A | H15: N/A | I15: 43592 | J15: 43756 | K15: 46140 | L15: 47297 | M15: 1 | N15: 55271
A16: 2198 | B16: Programa de Alcantarillado y Control de Inundaciones para Limón | C16: AyA/SENARA | D16: GOBNO | E16: 55080000 | F16: 43472 | G16: 43643 | H16: 9690 | I16: 43643 | J16: 43796 | K16: 45103 | L16: 46594 | M16: 2 | N16: 51313
A17: 2220 | B17: Proyecto de Abastecimiento de Agua para la Cuenca Media del río Tempisque y Comunidades Costeras (PAACUME) | C17: SENARA | D17: GOBNO | E17: 425000000 | F17: 44655 | G17: 44692 | H17: 10230 | I17: 44692 | J17: 44890 | K17: 47528 | L17: N/A | M17: 0 | N17: 53007
A18: 2317 | B18: Programa de emergencia para la reconstrucción integral y resiliente de infraestructura (PROERI) | C18: CNE | D18: GOBNO | E18: 700000000 | F18: 45000 | G18: 45350 | H18: 10456 | I18: 45350 | J18: 45373 | K18: 47651 | L18: N/A | M18: 0 | N18: 56417
A19: 2341 | B19: Proyecto Ampliación y Mejoramiento del Corredor Vial San José-San Ramón | C19: CONAVI | D19: GOBNO | E19: 600000000 | F19: 45869 | G19: 46127 | H19: 10899 | I19: 46127 | J19: 46223 | K19: Cinco años a partir del primer desembolso | L19: N/A | M19: 0 | N19: Veinte años a partir del primer desembolso
A20: 2241 | B20: Proyecto construcción, equipamiento y puesta en operación de las líneas 1 y 2 del Sistema de Tren Rápido de Pasajeros (TRP) en la Gran Área Metropolitana | C20: INCOFER | D20: GOBNO | E20: 550000000 | F20: 45926 | G20: 46168 | H20: 10956 | I20: 46168 | J20: 46223 | K20: 6 años a partir del primer desembolso | L20: N/A | M20: 0 | N20: Tramo A US 371 300 000,00: 20 años a partir del primer desembolso; Tramo B porción A US 128 000 000,00: 40 años; Tramo B porción B US 50 700 000,00: 20 años
E21: =SUM(E13:E20) -> 2.7257712e+09
A23: BEI
A24: 97486 | B24: Proyecto construcción, equipamiento y puesta en operación de las líneas 1 y 2 del Sistema de Tren Rápido de Pasajeros (TRP) en la Gran Área Metropolitana | C24: INCOFER | D24: GOBNO | E24: 250000000 | F24: 45929 | G24: 46168 | H24: 10956 | I24: 46168 | J24: 46223 | K24: 47994 | L24: N/A | M24: 0 | N24: 55299
E25: =SUM(E24) -> 250000000
A27: BID
A28: 3071/OC-CR | B28: Programa de Infraestructura de Transporte | C28: MOPT | D28: GOBNO | E28: 400000000 | F28: 41732 | G28: 41956 | H28: 9283 | I28: 41956 | J28: 42110 | K28: 44148 | L28: 46338 | M28: 3 | N28: 50498
A29: 3072/CH-CR | E29: 50000000
A30: 4864/OC-CR | B30: Programa de Infraestructura Vial y Promoción de Asociaciones Público-Privadas | C30: MOPT | D30: GOBNO | E30: 125000000 | F30: 43908 | G30: 44103 | H30: 9899 | I30: 44103 | J30: 44131 | K30: 45929 | L30: 46659 | M30: 1 | N30: 53404
A31: 4871/OC-CR | B31: Programa de Seguridad Ciudadana y Prevención de Violencia 1/ | C31: MJP | D31: GOBNO | E31: 100000000 | F31: 43907 | G31: 44272 | H31: 9968 | I31: 44272 | J31: 44470 | K31: 46098 | L31: 46463 | M31: 1 | N31: 53036
A32: 5823/OC-CR | B32: Programa de Infraestructura Vial y Movilidad Urbana: Conectividad Resiliente | C32: MOPT | D32: GOBNO | E32: 225000000 | F32: 45301 | G32: 44103 | H32: 9899 | I32: 45301 | J32: 45636 | K32: 47128 | L32: N/A | M32: 0 | N32: 54433
A33: 6061/OC-CR | B33: Segundo Programa de Energía Renovable, Transmisión y Distribución de Electricidad | C33: ICE | D33: ICE/GOBNO | E33: 200000000 | F33: 46121 | G33: 43285 | H33: 9573 | I33: 46121 | J33: 45962 | K33: 48313 | L33: N/A | M33: 0 | N33: 54705
E34: =SUM(E28:E33) -> 1100000000
A36: BIRF
A37: 9075-CR | B37: Proyecto Hacienda Digital para el Bicentenario 2/ | C37: MH | D37: GOBNO | E37: =156640000-15000000-15000000 -> 126640000 | F37: 43927 | G37: 44158 | H37: 9922 | I37: 44158 | J37: 44272 | K37: 46234 | L37: 46690 | M37: 1 | N37: 56019
A38: 9502-CR | B38: Segundo Préstamo de Políticas de Desarrollo de la Gestión del Riesgo de Desastres en Costa Rica con Opción de Desembolso Diferido ante Catástrofes (CAT DDO) 3/ | C38: CNE | D38: GOBNO | E38: 160000000 | F38: 45188 | G38: 45635 | H38: 10622 | I38: 45635 | J38: N/A | K38: 46105 | L38: 47201 | M38: 1 | N38: 56780
A39: 9653-CR | B39: Programa de Reconstrucción y Desarrollo Territorial Resiliente al Clima | C39: CNE | D39: GOBNO | E39: 350000000 | F39: 45520 | G39: 46162 | H39: 10954 | I39: 46162 | J39: 46223 | K39: 47238 | L39: N/A | M39: 0 | N39: 57480
E40: =SUM(E37:E39) -> 636640000
A42: JICA
A43: CR-P5-2 | B43: Proyecto Geotérmico Borinquen I 4/ | C43: ICE | D43: ICE / GOBNO | E43: =25991000000/'Anexo 5'!P79 -> 1.6000369e+08 | F43: 42906 | G43: 41855 | H43: 9254 | I43: 42906 | J43: 43007 | K43: 46292 | L43: 46292 | M43: 0 | N43: 57516
E44: =SUM(E43) -> 1.6000369e+08
A46: OPEC FUND
A47: 16603P | B47: Proyecto Ampliación y Mejoramiento del Corredor Vial San José-San Ramón | C47: CONAVI | D47: GOBNO | E47: 170000000 | F47: 45869 | G47: 46127 | H47: 10899 | I47: 46127 | J47: 46223 | K47: 48213 | L47: N/A | M47: 0 | N47: 53008
E48: =SUM(E47) -> 170000000
A50: G. TOTAL en US$ | E50: =E21+E25+E34+E40+E44+E48 -> 5.0424149e+09
A53: Fuente: Base de datos SIGADE v. 6.2.0.0 / Informes de unidades ejecutoras y coordinadoras (UE/UCP).
A55: Notas:
A56: 1/ La UCP del PSCPV solicitó la segunda modificación contractual que incluía la extensión de 5 meses en el plazo para la iniciación material de obras (al 17 de diciembre 2025) y la ampliación en 12 meses, del plazo de desembolsos del contrato de préstamo 4871/OC-CR (al 17 de marzo de 2027). La modificación contractual se formalizó en agosto 2025.
A57: 2/ En marzo 2026 se formalizó la segunda rescisión parcial por US$15 millones, para el crédito que financia el PHD. Esto se suma a la primera rescisión parcial del crédito, también por US$15MM formalizada en junio 2025; en esta misma fecha se acordó la primera extensión de la fecha de cierre del crédito en 15 meses. Para el cierre de este I semestre 2026, se encontraba en gestión una segunda prórroga por 24 meses, la cual se formalizó en agosto 2026 (dada la fecha de corte de este informe, no está reflejada en el presente Anexo 1).
A58: 3/ El plazo de desembolso es por 3 años y rige al día después de la fecha de aprobación del directorio del BIRF (23/03/2023). Puede renovarse hasta 4 veces, por un máximo de 15 años en total.
A59: 4/ Para dolarizar los montos de los préstamos cuya moneda contractual no fue pactada en dólares, se utilizó como referencia el valor del tipo de cambio al 30 de junio de 2026 de dicha moneda con respecto al dólar.
A61: Abreviaturas:
A62: N/A= No aplica.

Sheet Anexo 2
A4: ANEXO N° 2:
A5: ESTADO FINANCIERO, FÍSICO Y DE PLAZOS ASOCIADOS A LOS CRÉDITOS DE INVERSIÓN EN EJECUCIÓN
A6: (cifras expresadas en valores absolutos en US$)
A7: ='Anexo 1'!A7:J7 -> 46203
A9: Referencia del Acreedor | B9: Nombre del Programa/Proyecto | C9: Organismo Ejecutor | D9: Monto del Préstamo (en US$) | E9: Monto desembolsado acumulado a junio 2026 de la fuente externa | F9: Monto desembolsado solo en el I Sem. 2026 de la fuente externa | G9: Monto pendiente por desembolsar a junio 2026 | H9: % de Avance al 30/06/2026 1/ | J9: Años de Ejecución del crédito desde la entrada en vigencia | M9: Años de Ejecución del crédito desde la incorporación presupuestaria 3/
H10: Financiero | I10: Físico según información de UE | J10: Periodo estipulado en Contrato | K10: Periodo estipulado con Prórrogas 2/ | L10: Periodo de ejecución real al 30/06/2026 | M10: Plazo desde la incorporación del crédito hasta la fecha límite de desembolsos con prórroga (cuando aplica) | N10: Periodo de ejecución real al 30/06/2026
A12: BCIE
A13: 2129 | B13: Proyecto de Reducción de Agua No Contabilizada y Optimización de la Eficiencia Energética en el GAM 4/ | C13: ='Anexo 1'!C13 -> AyA | D13: ='Anexo 1'!E13 -> 130000000 | E13: 50000000 | F13: 0 | G13: =D13-E13 -> 80000000 | H13: =E13/D13 -> 0.38461538 | I13: 0.663 | J13: 7 | K13: =+('Anexo 1'!L13-'Anexo 1'!I13)/365 -> 13.893151 | L13: =($A$7-'Anexo 1'!I13)/365 -> 10.890411 | M13: =('Anexo 1'!L13-'Anexo 1'!J13)/365 -> 13.446575 | N13: =($A$7-'Anexo 1'!J13)/365 -> 10.443836
A14: 2164 | B14: Programa de Abastecimiento del Área Metropolitana de San José, Acueductos Urbanos II y Alcantarillado Sanitario de Juanito Mora de Puntarenas 4/ | C14: ='Anexo 1'!C14 -> AyA | D14: ='Anexo 1'!E14 -> 1.5456239e+08 | E14: 67354499 | F14: 6000000 | G14: =D14-E14 -> 87207891 | H14: =E14/D14 -> 0.43577548 | I14: 0.550019 | J14: 5 | K14: =+('Anexo 1'!L14-'Anexo 1'!I14)/365 -> 9.4958904 | L14: =($A$7-'Anexo 1'!I14)/365 -> 8.1616438 | M14: =('Anexo 1'!L14-'Anexo 1'!J14)/365 -> 8.6547945 | N14: =($A$7-'Anexo 1'!J14)/365 -> 7.3205479
A15: 2188-A | B15: Programa Acueductos y Alcantarillados en Ciudades Costeras (PAACC) 4/ 5/ | C15: ='Anexo 1'!C15 -> AyA | D15: ='Anexo 1'!E15 -> 111128810 | E15: 17088000 | F15: 0 | G15: =D15-E15 -> 94040810 | H15: =E15/D15 -> 0.15376751 | I15: 0.25024447 | J15: 5 | K15: =+('Anexo 1'!L15-'Anexo 1'!I15)/365 -> 10.150685 | L15: =($A$7-'Anexo 1'!I15)/365 -> 7.1534247 | M15: =('Anexo 1'!K15-'Anexo 1'!J15)/365 -> 6.5315068 | N15: =($A$7-'Anexo 1'!J15)/365 -> 6.7041096
A16: 2198 | B16: Programa de Alcantarillado y Control de Inundaciones para Limón 6/ | C16: ='Anexo 1'!C16 -> AyA/SENARA | D16: ='Anexo 1'!E16 -> 55080000 | E16: 54220000 | F16: 17600000 | G16: =D16-E16 -> 860000 | H16: =E16/D16 -> 0.98438635 | I16: 0.6434 | J16: 3 | K16: =+('Anexo 1'!L16-'Anexo 1'!I16)/365 -> 8.0849315 | L16: =($A$7-'Anexo 1'!I16)/365 -> 7.0136986 | M16: =('Anexo 1'!L16-'Anexo 1'!J16)/365 -> 7.6657534 | N16: =($A$7-'Anexo 1'!J16)/365 -> 6.5945205
A17: 2220 | B17: =+'Anexo 1'!B17 -> Proyecto de Abastecimiento de Agua para la Cuenca Media del río Tempisque y Comunidades Costeras (PAACUME) | C17: ='Anexo 1'!C17 -> SENARA | D17: ='Anexo 1'!E17 -> 425000000 | E17: 1.1270071e+08 | F17: 0 | G17: =D17-E17 -> 3.1229929e+08 | H17: =E17/D17 -> 0.26517815 | I17: 0.1287 | J17: 5 | K17: N/A | L17: =($A$7-'Anexo 1'!I17)/365 -> 4.139726 | M17: =('Anexo 1'!K17-'Anexo 1'!J17)/365 -> 7.2273973 | N17: =($A$7-'Anexo 1'!J17)/365 -> 3.5972603
A18: 2317 | B18: Programa de emergencia para la reconstrucción integral y resiliente de infraestructura (PROERI) | C18: ='Anexo 1'!C18 -> CNE | D18: ='Anexo 1'!E18 -> 700000000 | E18: 2.0756411e+08 | F18: 0 | G18: =D18-E18 -> 4.9243589e+08 | H18: =E18/D18 -> 0.29652016 | I18: 0.4022 | J18: 6 | K18: N/A | L18: =($A$7-'Anexo 1'!I18)/365 -> 2.3369863 | M18: =('Anexo 1'!K18-'Anexo 1'!J18)/365 -> 6.2410959 | N18: =($A$7-'Anexo 1'!J18)/365 -> 2.2739726
A19: 2341 | B19: Proyecto Ampliación y Mejoramiento del Corredor Vial San José-San Ramón 3/ | C19: ='Anexo 1'!C19 -> CONAVI | D19: ='Anexo 1'!E19 -> 600000000 | E19: 0 | F19: 0 | G19: =D19-E19 -> 600000000 | H19: =E19/D19 -> 0 | I19: 0 | J19: 5 | K19: N/A | L19: =($A$7-'Anexo 1'!I19)/365 -> 0.20821918 | M19: N/A | N19: N/A
A20: 2241 | B20: Proyecto construcción, equipamiento y puesta en operación de las líneas 1 y 2 del Sistema de Tren Rápido de Pasajeros (TRP) en la Gran Área Metropolitana 3/ | C20: ='Anexo 1'!C20 -> INCOFER | D20: ='Anexo 1'!E20 -> 550000000 | E20: 0 | F20: 0 | G20: =D20-E20 -> 550000000 | H20: =E20/D20 -> 0 | I20: 0 | J20: 6 | K20: N/A | L20: =($A$7-'Anexo 1'!I20)/365 -> 0.095890411 | M20: N/A | N20: N/A
D21: =SUM(D13:D20) -> 2.7257712e+09 | E21: =SUM(E13:E20) -> 5.0892732e+08 | F21: =SUM(F13:F20) -> 23600000 | G21: =SUM(G13:G20) -> 2.2168439e+09
A23: BEI
A24: 97486 | B24: Proyecto construcción, equipamiento y puesta en operación de las líneas 1 y 2 del Sistema de Tren Rápido de Pasajeros (TRP) en la Gran Área Metropolitana 3/ | C24: ='Anexo 1'!C24 -> INCOFER | D24: ='Anexo 1'!E24 -> 250000000 | E24: 0 | F24: 0 | G24: =D24-E24 -> 250000000 | H24: =E24/D24 -> 0 | I24: 0 | J24: 6 | K24: N/A | L24: =($A$7-'Anexo 1'!I24)/365 -> 0.095890411 | M24: =('Anexo 1'!K24-'Anexo 1'!J24)/365 -> 4.8520548 | N24: N/A
D25: =SUM(D24) -> 250000000 | E25: =SUM(E24) -> 0 | F25: =SUM(F24) -> 0 | G25: =SUM(G24) -> 250000000
A27: BID
A28: 3071/OC-CR | B28: Programa de Infraestructura de Transporte | C28: ='Anexo 1'!C28 -> MOPT | D28: ='Anexo 1'!E28 -> 400000000 | E28: 318000000 | F28: 0 | G28: =D28-E28 -> 82000000 | H28: =E28/D28 -> 0.795 | I28: 0.6718 | J28: 6 | K28: =+('Anexo 1'!L28-'Anexo 1'!I28)/365 -> 12.005479 | L28: =($A$7-'Anexo 1'!I28)/365 -> 11.635616 | M28: =('Anexo 1'!L28-'Anexo 1'!J28)/365 -> 11.583562 | N28: =($A$7-'Anexo 1'!J28)/365 -> 11.213699
A29: 3072/CH-CR | D29: ='Anexo 1'!E29 -> 50000000 | E29: 30000000 | F29: 0 | G29: =D29-E29 -> 20000000 | H29: =E29/D29 -> 0.6
A30: =+'Anexo 1'!A30 -> 4864/OC-CR | B30: =+'Anexo 1'!B30 -> Programa de Infraestructura Vial y Promoción de Asociaciones Público-Privadas | C30: ='Anexo 1'!C30 -> MOPT | D30: ='Anexo 1'!E30 -> 125000000 | E30: 91500000 | F30: 10000000 | G30: =D30-E30 -> 33500000 | H30: =E30/D30 -> 0.732 | I30: 0.8086 | J30: 5 | K30: =+('Anexo 1'!L30-'Anexo 1'!I30)/365 -> 7.0027397 | L30: =($A$7-'Anexo 1'!I30)/365 -> 5.7534247 | M30: =('Anexo 1'!K30-'Anexo 1'!J30)/365 -> 4.9260274 | N30: =($A$7-'Anexo 1'!J30)/365 -> 5.6767123
A31: =+'Anexo 1'!A31 -> 4871/OC-CR | B31: Programa de Seguridad Ciudadana y Prevención de Violencia | C31: ='Anexo 1'!C31 -> MJP | D31: ='Anexo 1'!E31 -> 100000000 | E31: 81923617 | F31: 17000000 | G31: =D31-E31 -> 18076383 | H31: =E31/D31 -> 0.81923617 | I31: 0.8342 | J31: 5 | K31: =+('Anexo 1'!L31-'Anexo 1'!I31)/365 -> 6.0027397 | L31: =($A$7-'Anexo 1'!I31)/365 -> 5.290411 | M31: =('Anexo 1'!K31-'Anexo 1'!J31)/365 -> 4.460274 | N31: =($A$7-'Anexo 1'!J31)/365 -> 4.7479452
A32: 5823/OC-CR | B32: Programa de Infraestructura Vial y Movilidad Urbana: Conectividad Resiliente | C32: ='Anexo 1'!C32 -> MOPT | D32: ='Anexo 1'!E32 -> 225000000 | E32: 11854568 | F32: 3506692.4 | G32: =D32-E32 -> 2.1314543e+08 | H32: =E32/D32 -> 0.052686968 | I32: 0.1774 | J32: 5 | K32: N/A | L32: =($A$7-'Anexo 1'!I32)/365 -> 2.4712329 | M32: =('Anexo 1'!K32-'Anexo 1'!J32)/365 -> 4.0876712 | N32: =($A$7-'Anexo 1'!J32)/365 -> 1.5534247
A33: 6061/OC-CR | B33: Segundo Programa de Energía Renovable, Transmisión y Distribución de Electricidad 4/ | C33: ='Anexo 1'!C33 -> ICE | D33: ='Anexo 1'!E33 -> 200000000 | E33: 0 | F33: 0 | G33: =D33-E33 -> 200000000 | H33: =E33/D33 -> 0 | I33: 0.2452 | J33: 6 | K33: N/A | L33: =($A$7-'Anexo 1'!I33)/365 -> 0.22465753 | M33: =('Anexo 1'!K33-'Anexo 1'!J33)/365 -> 6.4410959 | N33: =($A$7-'Anexo 1'!J33)/365 -> 0.66027397
D34: =SUM(D28:D33) -> 1100000000 | E34: =SUM(E28:E33) -> 5.3327818e+08 | F34: =SUM(F28:F33) -> 30506692 | G34: =SUM(G28:G33) -> 5.6672182e+08
A36: BIRF
A37: =+'Anexo 1'!A37 -> 9075-CR | B37: Proyecto Hacienda Digital para el Bicentenario | C37: ='Anexo 1'!C37 -> MH | D37: ='Anexo 1'!E37 -> 126640000 | E37: 30220308 | F37: 5935054 | G37: =D37-E37 -> 96419692 | H37: =E37/D37 -> 0.23863162 | I37: 0.5227 | J37: 6 | K37: =+('Anexo 1'!L37-'Anexo 1'!I37)/365 -> 6.9369863 | L37: =($A$7-'Anexo 1'!I37)/365 -> 5.6027397 | M37: =('Anexo 1'!L37-'Anexo 1'!J37)/365 -> 6.6246575 | N37: =($A$7-'Anexo 1'!J37)/365 -> 5.290411
A38: 9502-CR | B38: Segundo Préstamo de Políticas de Desarrollo de la Gestión del Riesgo de Desastres en Costa Rica con Opción de Desembolso Diferido ante Catástrofes (CAT DDO) | C38: ='Anexo 1'!C38 -> CNE | D38: ='Anexo 1'!E38 -> 160000000 | E38: N/A | F38: N/A | G38: =D38-E38 -> 160000000 | H38: =E38/D38 -> 0 | I38: N/A | J38: 3 | K38: =+('Anexo 1'!L38-'Anexo 1'!I38)/365 -> 4.290411 | L38: =($A$7-'Anexo 1'!I38)/365 -> 1.5561644 | M38: N/A | N38: N/A
A39: 9653-CR | B39: Programa de Reconstrucción y Desarrollo Territorial Resiliente al Clima 3/ | C39: ='Anexo 1'!C39 -> CNE | D39: ='Anexo 1'!E39 -> 350000000 | E39: 0 | F39: 0 | G39: =D39-E39 -> 350000000 | H39: =E39/D39 -> 0 | I39: 0 | J39: 5 | K39: N/A | L39: =($A$7-'Anexo 1'!I39)/365 -> 0.11232877 | M39: =('Anexo 1'!K39-'Anexo 1'!J39)/365 -> 2.7808219 | N39: N/A
D40: =SUM(D37:D39) -> 636640000 | E40: =SUM(E37:E39) -> 30220308 | F40: =SUM(F37:F39) -> 5935054 | G40: =SUM(G37:G39) -> 6.0641969e+08
A42: JICA
A43: CR-P5-2 | B43: Proyecto Geotérmico Borinquen I 4/ 7/ | C43: ='Anexo 1'!C43 -> ICE | D43: ='Anexo 1'!E43 -> 1.6000369e+08 | E43: =6710594322/'Anexo 5'!P79 -> 41311218 | F43: =34202342/'Anexo 5'!P79 -> 210553.69 | G43: =D43-E43 -> 1.1869248e+08 | H43: 0.2582 | I43: 0.5122 | J43: 9 | K43: N/A | L43: =($A$7-'Anexo 1'!I43)/365 -> 9.0328767 | M43: =('Anexo 1'!K43-'Anexo 1'!J43)/365 -> 9 | N43: =($A$7-'Anexo 1'!J43)/365 -> 8.7561644
D44: =SUM(D43) -> 1.6000369e+08 | E44: =SUM(E43) -> 41311218 | F44: =SUM(F43) -> 210553.69 | G44: =SUM(G43) -> 1.1869248e+08
A46: OPEC FUND
A47: 16603P | B47: Proyecto Ampliación y Mejoramiento del Corredor Vial San José-San Ramón 3/ | C47: ='Anexo 1'!C47 -> CONAVI | D47: ='Anexo 1'!E47 -> 170000000 | E47: 0 | F47: 0 | G47: =D47-E47 -> 170000000 | H47: =E47/D47 -> 0 | I47: 0 | J47: 5 | K47: N/A | L47: =($A$7-'Anexo 1'!I47)/365 -> 0.20821918 | M47: =('Anexo 1'!K47-'Anexo 1'!J47)/365 -> 5.4520548 | N47: N/A
D48: =SUM(D47) -> 170000000 | E48: =SUM(E47) -> 0 | F48: =SUM(F47) -> 0 | G48: =SUM(G47) -> 170000000
A50: G. TOTAL en US$ | D50: =D21+D25+D34+D40+D44+D48 -> 5.0424149e+09 | E50: =E21+E25+E34+E40+E44+E48 -> 1.113737e+09 | F50: =F21+F25+F34+F40+F44+F48 -> 60252300 | G50: =G21+G25+G34+G40+G44+G48 -> 3.9286779e+09
A53: Fuente: Base de datos SIGADE v. 6.2.0.0 / Informes de unidades ejecutoras y coordinadoras (UE/UCP).
A55: Notas:
A56: 1/ Los valores corresponden al avance físico y financiero acumulado desde que inició el Programa/Proyecto hasta el periodo de corte del Informe.
A57: 2/ El período de ejecución inicia con la entrada en vigencia del contrato o de la ley, incluye el plazo para cumplir con las condiciones previas al primer desembolso, y finaliza con la terminación de la última prórroga. No obstante, el BCIE establece en sus contratos de préstamo que el plazo de ejecución comienza a partir del primer desembolso.
A58: 3/ En el caso de los créditos cuya vigencia fue adquirida en abril o mayo de 2026, la incorporación presupuestaria se materializó hasta el 20 de julio de 2026. Asimismo, en dos de estos créditos aún no se cuenta con una fecha de finalización del plazo de desembolsos, debido a que a la fecha de corte del informe no se habían registrado giros de recursos. Estos hechos impiden calcular total o parcialmente los indicadores correspondientes. Para una mejor comprensión, nótese que esta nota aclaratoria está asociada tanto con los créditos recientemente incorporados, como con el encabezado de columna "Años de Ejecución del crédito desde la incorporación presupuestaria 3/".
A59: 4/ Para determinar los años de ejecución (tanto para el período estipulado en el contrato como para el período de ejecución real) se utilizó la fecha de suscripción del contrato de préstamo dado que este contrato al ser "no soberano" no requirió de aprobación legislativa.
A60: 5/ El préstamo esta dividido en dos tractos, uno en dólares y el otro en euros, por lo tanto en este crédito los desembolsos han sido realizados según la moneda requerida.
A61: 6/ El ajuste en el porcentaje de avance físico para SENARA se debe a la redistribución de los componentes, lo que ha alterado los pesos relativos asignados a cada uno, con el objetivo de reflejar de manera más precisa el estado real del proyecto. La variación se debe exclusivamente a esta nueva distribución, y no implica una disminución real en el progreso. Este cambio busca una evaluación más precisa y alineada con el PGI (Plan Global de Inversión). El porcentaje indicado en la celda de este informe, es en conjunto con el avance físico del AyA.
A62: 7/ Para dolarizar los montos de los préstamos cuya moneda contractual no fue pactada en dólares, se utilizó como referencia el valor del tipo de cambio al 30 de junio de 2026 de dicha moneda con respecto al dólar.
A64: Abreviaturas:
A65: N/A= No aplica.

Sheet Anexo 3
A4: ANEXO N° 3:
A5: PROGRAMACIÓN DE DESEMBOLSOS DE LOS CRÉDITOS EXTERNOS DE INVERSIÓN EN EJECUCIÓN
A6: (cifras expresadas en valores absolutos en US$)
A7: =+'Anexo 1'!A7:J7 -> 46203
A9: Referencia del Acreedor | B9: Nombre del Programa/Proyecto | C9: Organismo Ejecutor | D9: Monto del préstamo (en US$) | E9: Monto pendiente por desembolsar a junio 2026 | F9: I Semestre 2026 | I9: Monto Programado por Desembolsar 2/
F10: Monto programado por desembolsar 1/ | G10: Monto real desembolsado | H10: % Realizado sobre lo Programado | I10: III Trimestre 2026 | J10: IV Trimestre 2026 | K10: 2027 | L10: 2028 | M10: 2029 | N10: 2030 | O10: 2031 | P10: 2032
A12: BCIE
A13: 2129 | B13: Proyecto de Reducción de Agua No Contabilizada y Optimización de la Eficiencia Energética en el GAM | C13: ='Anexo 1'!C13 -> AyA | D13: =+'Anexo 1'!E13 -> 130000000 | E13: ='Anexo 2'!G13 -> 80000000 | F13: 11000000 | G13: ='Anexo 2'!F13 -> 0 | H13: =G13/F13 -> 0 | I13: 0 | J13: 0 | K13: 7000000 | L13: 8000000 | M13: 36000000 | N13: 25000000 | O13: 4000000 | P13: N/A
A14: 2164 | B14: Programa de Abastecimiento del Área Metropolitana de San José, Acueductos Urbanos II y Alcantarillado Sanitario de Juanito Mora de Puntarenas | C14: ='Anexo 1'!C14 -> AyA | D14: =+'Anexo 1'!E14 -> 1.5456239e+08 | E14: ='Anexo 2'!G14 -> 87207891 | F14: 20886500 | G14: ='Anexo 2'!F14 -> 6000000 | H14: =G14/F14 -> 0.28726689 | I14: 18000000 | J14: 3000000 | K14: 66207891 | L14: N/A | M14: N/A | N14: N/A | O14: N/A | P14: N/A
A15: 2188-A | B15: Programa Acueductos y Alcantarillados en Ciudades Costeras (PAACC) 3/ | C15: ='Anexo 1'!C15 -> AyA | D15: =+'Anexo 1'!E15 -> 111128810 | E15: ='Anexo 2'!G15 -> 94040810 | F15: 1000000 | G15: ='Anexo 2'!F15 -> 0 | H15: =G15/F15 -> 0 | I15: 5000000 | J15: 8000000 | K15: 51475000 | L15: 24450500 | M15: 5115310.1 | N15: N/A | O15: N/A | P15: N/A
A16: 2198 | B16: Programa de Alcantarillado y Control de Inundaciones para Limón | C16: ='Anexo 1'!C16 -> AyA/SENARA | D16: =+'Anexo 1'!E16 -> 55080000 | E16: ='Anexo 2'!G16 -> 860000 | F16: 10000000 | G16: ='Anexo 2'!F16 -> 17600000 | H16: =G16/F16 -> 1.76 | I16: 860000 | J16: 0 | K16: 0 | L16: N/A | M16: N/A | N16: N/A | O16: N/A | P16: N/A
A17: 2220 | B17: =+'Anexo 1'!B17 -> Proyecto de Abastecimiento de Agua para la Cuenca Media del río Tempisque y Comunidades Costeras (PAACUME) | C17: ='Anexo 1'!C17 -> SENARA | D17: =+'Anexo 1'!E17 -> 425000000 | E17: ='Anexo 2'!G17 -> 3.1229929e+08 | F17: 0 | G17: ='Anexo 2'!F17 -> 0 | H17: N/A | I17: 0 | J17: 0 | K17: 10000000 | L17: 2.1178027e+08 | M17: 76498422 | N17: 14020589 | O17: N/A | P17: N/A
A18: 2317 | B18: Programa de emergencia para la reconstrucción integral y resiliente de infraestructura (PROERI) | C18: ='Anexo 1'!C18 -> CNE | D18: =+'Anexo 1'!E18 -> 700000000 | E18: ='Anexo 2'!G18 -> 4.9243589e+08 | F18: 50080640 | G18: ='Anexo 2'!F18 -> 0 | H18: =G18/F18 -> 0 | I18: 70259831 | J18: 1.5062095e+08 | K18: 2.5572932e+08 | L18: 15825787 | M18: 0 | N18: 0 | O18: N/A | P18: N/A
A19: 2341 | B19: Proyecto Ampliación y Mejoramiento del Corredor Vial San José-San Ramón | C19: ='Anexo 1'!C19 -> CONAVI | D19: =+'Anexo 1'!E19 -> 600000000 | E19: ='Anexo 2'!G19 -> 600000000 | F19: N/A | G19: ='Anexo 2'!F19 -> 0 | H19: N/A | I19: 0 | J19: 0 | K19: 1.098589e+08 | L19: 1.778088e+08 | M19: 1.1634591e+08 | N19: 1.1472199e+08 | O19: 75908238 | P19: 5356163
A20: 2241 | B20: Proyecto construcción, equipamiento y puesta en operación de las líneas 1 y 2 del Sistema de Tren Rápido de Pasajeros (TRP) en la Gran Área Metropolitana | C20: ='Anexo 1'!C20 -> INCOFER | D20: =+'Anexo 1'!E20 -> 550000000 | E20: ='Anexo 2'!G20 -> 550000000 | F20: N/A | G20: ='Anexo 2'!F20 -> 0 | H20: N/A | I20: 0 | J20: 3850000 | K20: 96390000 | L20: 199020000 | M20: 203450000 | N20: 47290000 | O20: N/A | P20: N/A
D21: =SUM(D13:D20) -> 2.7257712e+09 | E21: =SUM(E13:E20) -> 2.2168439e+09 | F21: =SUM(F13:F20) -> 92967141 | G21: =SUM(G13:G20) -> 23600000 | I21: =SUM(I13:I20) -> 94119831 | J21: =SUM(J13:J20) -> 1.6547095e+08 | K21: =SUM(K13:K20) -> 5.9666111e+08 | L21: =SUM(L13:L20) -> 6.3688536e+08 | M21: =SUM(M13:M20) -> 4.3740965e+08 | N21: =SUM(N13:N20) -> 2.0103258e+08 | O21: =SUM(O13:O20) -> 79908238 | P21: =SUM(P13:P20) -> 5356163
A23: BEI
A24: 97486 | B24: Proyecto construcción, equipamiento y puesta en operación de las líneas 1 y 2 del Sistema de Tren Rápido de Pasajeros (TRP) en la Gran Área Metropolitana | C24: ='Anexo 1'!C24 -> INCOFER | D24: =+'Anexo 1'!E24 -> 250000000 | E24: ='Anexo 2'!G24 -> 250000000 | F24: N/A | G24: ='Anexo 2'!F24 -> 0 | H24: N/A | I24: 0 | J24: 2520000 | K24: 30710000 | L24: 92630000 | M24: 95530000 | N24: 28610000 | O24: N/A | P24: N/A
D25: =SUM(D24) -> 250000000 | E25: =SUM(E24) -> 250000000 | F25: =SUM(F24) -> 0 | G25: =SUM(G24) -> 0 | I25: =SUM(I24) -> 0 | J25: =SUM(J24) -> 2520000 | K25: =SUM(K24) -> 30710000 | L25: =SUM(L24) -> 92630000 | M25: =SUM(M24) -> 95530000 | N25: =SUM(N24) -> 28610000 | O25: =SUM(O24) -> 0 | P25: =SUM(P24) -> 0
A27: BID
A28: 3071/OC-CR | B28: Programa de Infraestructura de Transporte | C28: ='Anexo 1'!C28 -> MOPT | D28: =+'Anexo 1'!E28 -> 400000000 | E28: ='Anexo 2'!G28 -> 82000000 | F28: 0 | G28: ='Anexo 2'!F28 -> 0 | H28: N/A | I28: 27000000 | J28: 55000000 | K28: N/A | L28: N/A | M28: N/A | N28: N/A | O28: N/A | P28: N/A
A29: 3072/CH-CR | D29: =+'Anexo 1'!E29 -> 50000000 | E29: ='Anexo 2'!G29 -> 20000000 | F29: 20000000 | G29: ='Anexo 2'!F29 -> 0 | H29: N/A | I29: 0 | J29: 20000000 | K29: N/A | L29: N/A | M29: N/A | N29: N/A | O29: N/A | P29: N/A
A30: =+'Anexo 1'!A30 -> 4864/OC-CR | B30: Programa de Infraestructura Vial y Promoción de Asociaciones Público-Privadas | C30: ='Anexo 1'!C30 -> MOPT | D30: =+'Anexo 1'!E30 -> 125000000 | E30: ='Anexo 2'!G30 -> 33500000 | F30: 4046707.8 | G30: ='Anexo 2'!F30 -> 10000000 | H30: =G30/F30 -> 2.4711446 | I30: 0 | J30: 11000000 | K30: 22500000 | L30: N/A | M30: N/A | N30: N/A | O30: N/A | P30: N/A
A31: =+'Anexo 1'!A31 -> 4871/OC-CR | B31: Programa de Seguridad Ciudadana y Prevención de Violencia 4/ | C31: ='Anexo 1'!C31 -> MJP | D31: =+'Anexo 1'!E31 -> 100000000 | E31: ='Anexo 2'!G31 -> 18076383 | F31: 15000000 | G31: ='Anexo 2'!F31 -> 17000000 | H31: =G31/F31 -> 1.1333333 | I31: 0 | J31: 8000000 | K31: 10076383 | L31: N/A | M31: N/A | N31: N/A | O31: N/A | P31: N/A
A32: 5823/OC-CR | B32: Programa de Infraestructura Vial y Movilidad Urbana: Conectividad Resiliente | C32: ='Anexo 1'!C32 -> MOPT | D32: =+'Anexo 1'!E32 -> 225000000 | E32: ='Anexo 2'!G32 -> 2.1314543e+08 | F32: 30000000 | G32: ='Anexo 2'!F32 -> 3506692.4 | H32: N/A | I32: 509361.45 | J32: 23509361 | K32: 97307466 | L32: 83967706 | M32: 7851537.1 | N32: N/A | O32: N/A | P32: N/A
A33: 6061/OC-CR | B33: Segundo Programa de Energía Renovable, Transmisión y Distribución de Electricidad | C33: ='Anexo 1'!C33 -> ICE | D33: =+'Anexo 1'!E33 -> 200000000 | E33: ='Anexo 2'!G33 -> 200000000 | F33: 1680475 | G33: ='Anexo 2'!F33 -> 0 | H33: =G33/F33 -> 0 | I33: 2000000 | J33: 15365552 | K33: 48245631 | L33: 67312909 | M33: 67035909 | N33: 40000 | O33: N/A | P33: N/A
D34: =SUM(D28:D33) -> 1100000000 | E34: =SUM(E28:E33) -> 5.6672182e+08 | F34: =SUM(F28:F33) -> 70727183 | G34: =SUM(G28:G33) -> 30506692 | I34: =SUM(I28:I33) -> 29509361 | J34: =SUM(J28:J33) -> 1.3287491e+08 | K34: =SUM(K28:K33) -> 1.7812948e+08 | L34: =SUM(L28:L33) -> 1.5128062e+08 | M34: =SUM(M28:M33) -> 74887446 | N34: =SUM(N28:N33) -> 40000 | O34: =SUM(O28:O33) -> 0 | P34: =SUM(P28:P33) -> 0
A36: BIRF
A37: =+'Anexo 1'!A37 -> 9075-CR | B37: Proyecto Hacienda Digital para el Bicentenario | C37: ='Anexo 1'!C37 -> MH | D37: =+'Anexo 1'!E37 -> 126640000 | E37: ='Anexo 2'!G37 -> 96419692 | F37: 17087131 | G37: ='Anexo 2'!F37 -> 5935054 | H37: =G37/F37 -> 0.34734058 | I37: 3340315 | J37: 8701967 | K37: 84377410 | L37: N/A | M37: N/A | N37: N/A | O37: N/A | P37: N/A
A38: 9502-CR | B38: Segundo Préstamo de Políticas de Desarrollo de la Gestión del Riesgo de Desastres en Costa Rica con Opción de Desembolso Diferido ante Catástrofes (CAT DDO) 5/ | C38: ='Anexo 1'!C38 -> CNE | D38: =+'Anexo 1'!E38 -> 160000000 | E38: ='Anexo 2'!G38 -> 160000000 | F38: N/A | G38: ='Anexo 2'!F38 -> N/A | H38: N/A | I38: 0 | J38: 25000000 | K38: 60000000 | L38: 75000000 | M38: N/A | N38: N/A | O38: N/A | P38: N/A
A39: 9653-CR | B39: Programa de Reconstrucción y Desarrollo Territorial Resiliente al Clima | C39: ='Anexo 1'!C39 -> CNE | D39: =+'Anexo 1'!E39 -> 350000000 | E39: ='Anexo 2'!G39 -> 350000000 | F39: N/A | G39: ='Anexo 2'!F39 -> 0 | H39: N/A | I39: 0 | J39: 170600.94 | K39: 18379585 | L39: 1.0034966e+08 | M39: 1.1223176e+08 | N39: 88759761 | O39: 30108640 | P39: N/A
D40: =SUM(D37:D39) -> 636640000 | E40: =SUM(E37:E39) -> 6.0641969e+08 | F40: =SUM(F37:F39) -> 17087131 | G40: =SUM(G37:G39) -> 5935054 | I40: =SUM(I37:I39) -> 3340315 | J40: =SUM(J37:J39) -> 33872568 | K40: =SUM(K37:K39) -> 1.6275699e+08 | L40: =SUM(L37:L39) -> 1.7534966e+08 | M40: =SUM(M37:M39) -> 1.1223176e+08 | N40: =SUM(N37:N39) -> 88759761 | O40: =SUM(O37:O39) -> 30108640 | P40: =SUM(P37:P39) -> 0
A42: JICA
A43: CR-P5-2 | B43: Proyecto Geotérmico Borinquen I 6/ 7/ | C43: ='Anexo 1'!C43 -> ICE | D43: =+'Anexo 1'!E43 -> 1.6000369e+08 | E43: ='Anexo 2'!G43 -> 1.1869248e+08 | F43: =(3861552+29541701)/'Anexo 5'!P79 -> 205634.41 | G43: ='Anexo 2'!F43 -> 210553.69 | H43: =G43/F43 -> 1.0239225 | I43: =1474006092.61/'Anexo 5'!P79 -> 9074157.2 | J43: =1824374278.01/'Anexo 5'!P79 -> 11231065 | K43: =6657473343.99/'Anexo 5'!P79 -> 40984199 | L43: =6920419177.17/'Anexo 5'!P79 -> 42602925 | M43: =2404132786.22/'Anexo 5'!P79 -> 14800128 | N43: N/A | O43: N/A | P43: N/A
D44: =SUM(D43:D43) -> 1.6000369e+08 | E44: =SUM(E43:E43) -> 1.1869248e+08 | F44: =SUM(F43:F43) -> 205634.41 | G44: =SUM(G43:G43) -> 210553.69 | I44: =SUM(I43:I43) -> 9074157.2 | J44: =SUM(J43:J43) -> 11231065 | K44: =SUM(K43:K43) -> 40984199 | L44: =SUM(L43:L43) -> 42602925 | M44: =SUM(M43:M43) -> 14800128 | N44: =SUM(N43:N43) -> 0 | O44: =SUM(O43:O43) -> 0 | P44: =SUM(P43:P43) -> 0
A46: OPEC FUND
A47: 16603P | B47: Proyecto Ampliación y Mejoramiento del Corredor Vial San José-San Ramón | C47: ='Anexo 1'!C47 -> CONAVI | D47: =+'Anexo 1'!E47 -> 170000000 | E47: ='Anexo 2'!G47 -> 170000000 | F47: N/A | G47: 0 | H47: N/A | I47: 0 | J47: 0 | K47: 31126690 | L47: 50379160 | M47: 32964676 | N47: 32504564 | O47: 21507330 | P47: 1517580
D48: =SUM(D47:D47) -> 170000000 | E48: =SUM(E47:E47) -> 170000000 | F48: =SUM(F47:F47) -> 0 | G48: =SUM(G47:G47) -> 0 | I48: =SUM(I47:I47) -> 0 | J48: =SUM(J47:J47) -> 0 | K48: =SUM(K47:K47) -> 31126690 | L48: =SUM(L47:L47) -> 50379160 | M48: =SUM(M47:M47) -> 32964676 | N48: =SUM(N47:N47) -> 32504564 | O48: =SUM(O47:O47) -> 21507330 | P48: =SUM(P47:P47) -> 1517580
A50: G. TOTAL en US$ | D50: =D21+D25+D34+D40+D44+D48 -> 5.0424149e+09 | E50: =E21+E25+E34+E40+E44+E48 -> 3.9286779e+09 | F50: =F21+F25+F34+F40+F44+F48 -> 1.8098709e+08 | G50: =G21+G25+G34+G40+G44+G48 -> 60252300 | I50: =I21+I25+I34+I40+I44+I48 -> 1.3604367e+08 | J50: =J21+J25+J34+J40+J44+J48 -> 3.4596949e+08 | K50: =K21+K25+K34+K40+K44+K48 -> 1.0403685e+09 | L50: =L21+L25+L34+L40+L44+L48 -> 1.1491277e+09 | M50: =M21+M25+M34+M40+M44+M48 -> 7.6782365e+08 | N50: =N21+N25+N34+N40+N44+N48 -> 3.509469e+08 | O50: =O21+O25+O34+O40+O44+O48 -> 1.3152421e+08 | P50: =P21+P25+P34+P40+P44+P48 -> 6873743
A53: Fuente: Base de datos SIGADE v. 6.2.0.0 / Informes de unidades ejecutoras y coordinadoras (UE/UCP).
A55: Notas:
A56: 1/ El monto programado por desembolsar fue suministrado por las UEs/UCPs en el Informe de Seguimiento correspondiente al II Semestre 2025.
A57: 2/ La programación de desembolsos para los años 2026 en adelante, fue suministrada por las UEs/UCPs en el presente Informe de Seguimiento (I Semestre 2026).
A58: 3/El préstamo esta dividido en dos tractos, uno en dólares y el otro en euros, por lo tanto en este crédito los desembolsos han sido realizados según la moneda requerida.
A59: 4/ La programación de desembolsos para el Programa de Seguridad Ciudadana y Prevención de Violencia, incorpora una extensión en la fecha límite de desembolsos de 12 meses.
A60: 5/ Al ser una línea de financiamiento contingente le permite al gobierno desembolsar fondos de inmediato tras una declaratoria de emergencia, por lo cual los desembolsos programados pueden variar según la emergencia.
A61: 6/ El ICE realizó un ajuste a lo interno del Proyecto, por lo tanto están realizando programaciones hasta el año 2030; no obstante, aún no se ha formalizado ninguna extensión al plazo del crédito.
A62: 7/ Para dolarizar los montos de los préstamos cuya moneda contractual no fue pactada en dólares, se utilizó como referencia el valor del tipo de cambio al 30 de junio de 2026 de dicha moneda con respecto al dólar.
A65: Abreviaturas:
A66: N/A= No aplica.

Sheet Anexo 4
A4: ANEXO N° 4:
A5: ESTADO FINANCIERO DE LA CONTRAPARTIDA NACIONAL/INSTITUCIONAL Y DONACIÓN ASOCIADOS A LOS CRÉDITOS DE INVERSIÓN EN EJECUCIÓN
A6: (cifras expresadas en valores absolutos en US$)
A7: =+'Anexo 1'!A7:J7 -> 46203
A9: Referencia del Acreedor | B9: Nombre del Programa/Proyecto | C9: Organismo Ejecutor | D9: Monto del Préstamo (en US$) | E9: Contrapartida Nacional | I9: Donación
E10: Monto Original (en US$) | F10: Monto Vigente (en US$) | G10: Monto Ejecutado a Junio 2026 | H10: Monto Pendiente por Ejecutar | I10: Monto de Donación | J10: Monto Desembolsado a Junio 2026 | K10: Monto Pendiente por Desembolsar
A12: BCIE
A13: 2129 | B13: Proyecto de Reducción de Agua No Contabilizada y Optimización de la Eficiencia Energética en el GAM | C13: ='Anexo 1'!C13 -> AyA | D13: =+'Anexo 1'!E13 -> 130000000 | E13: 30196728 | F13: 48814093 | G13: 20640048 | H13: =F13-G13 -> 28174045 | I13: =1700000*'Anexo 5'!O78 -> 1995970 | J13: =1700000*'Anexo 5'!O78 -> 1995970 | K13: =I13-J13 -> 0
A14: 2164 | B14: Programa de Abastecimiento del Área Metropolitana de San José, Acueductos Urbanos II y Alcantarillado Sanitario de Juanito Mora de Puntarenas | C14: ='Anexo 1'!C14 -> AyA | D14: =+'Anexo 1'!E14 -> 1.5456239e+08 | E14: 31304300 | F14: 58374724 | G14: 11467156 | H14: =F14-G14 -> 46907568 | I14: N/A | J14: N/A | K14: N/A
A15: 2188-A | B15: Programa Acueductos y Alcantarillados en Ciudades Costeras (PAACC) 1/ | C15: ='Anexo 1'!C15 -> AyA | D15: =+'Anexo 1'!E15 -> 111128810 | E15: 28734720 | F15: 1.0083264e+08 | G15: 12274560 | H15: =F15-G15 -> 88558082 | I15: N/A | J15: N/A | K15: N/A
A16: 2198 | B16: =+'Anexo 1'!B16 -> Programa de Alcantarillado y Control de Inundaciones para Limón | C16: ='Anexo 1'!C16 -> AyA/SENARA | D16: =+'Anexo 1'!E16 -> 55080000 | E16: 1610800 | F16: 15872838 | G16: 3466553 | H16: =F16-G16 -> 12406285 | I16: N/A | J16: N/A | K16: N/A
A17: 2220 | B17: =+'Anexo 1'!B17 -> Proyecto de Abastecimiento de Agua para la Cuenca Media del río Tempisque y Comunidades Costeras (PAACUME) | C17: ='Anexo 1'!C17 -> SENARA | D17: =+'Anexo 1'!E17 -> 425000000 | E17: 32797288 | F17: 2.4884239e+08 | G17: 17113712 | H17: =F17-G17 -> 2.3172868e+08 | I17: N/A | J17: N/A | K17: N/A
A18: 2317 | B18: Programa de emergencia para la reconstrucción integral y resiliente de infraestructura (PROERI) | C18: ='Anexo 1'!C18 -> CNE | D18: =+'Anexo 1'!E18 -> 700000000 | E18: N/A | F18: N/A | G18: N/A | H18: N/A | I18: N/A | J18: N/A | K18: N/A
A19: 2341 | B19: Proyecto Ampliación y Mejoramiento del Corredor Vial San José-San Ramón | C19: ='Anexo 1'!C19 -> CONAVI | D19: =+'Anexo 1'!E19 -> 600000000 | E19: 1.5732e+08 | F19: 1.5732e+08 | G19: 0 | H19: =F19-G19 -> 1.5732e+08 | I19: N/A | J19: N/A | K19: N/A
A20: 2241 | B20: Proyecto construcción, equipamiento y puesta en operación de las líneas 1 y 2 del Sistema de Tren Rápido de Pasajeros (TRP) en la Gran Área Metropolitana | C20: ='Anexo 1'!C20 -> INCOFER | D20: =+'Anexo 1'!E20 -> 550000000 | E20: 26536890 | F20: 26536890 | G20: 0 | H20: =F20-G20 -> 26536890 | I20: N/A | J20: N/A | K20: N/A
D21: =SUM(D13:D20) -> 2.7257712e+09 | E21: =SUM(E13:E20) -> 3.0850073e+08 | F21: =SUM(F13:F20) -> 6.5659358e+08 | G21: =SUM(G13:G20) -> 64962028 | H21: =SUM(H13:H20) -> 5.9163155e+08 | I21: =SUM(I13:I20) -> 1995970 | J21: =SUM(J13:J20) -> 1995970 | K21: =SUM(K13:K20) -> 0
A23: BEI
A24: 97486 | B24: Proyecto construcción, equipamiento y puesta en operación de las líneas 1 y 2 del Sistema de Tren Rápido de Pasajeros (TRP) en la Gran Área Metropolitana | C24: ='Anexo 1'!C24 -> INCOFER | D24: =+'Anexo 1'!E24 -> 250000000 | E24: N/A | F24: N/A | G24: N/A | H24: N/A | I24: N/A | J24: N/A | K24: N/A
D25: =SUM(D24) -> 250000000 | E25: =SUM(E24) -> 0 | F25: =SUM(F24) -> 0 | G25: =SUM(G24) -> 0 | H25: =SUM(H24) -> 0 | I25: =SUM(I24) -> 0 | J25: =SUM(J24) -> 0 | K25: =SUM(K24) -> 0
A27: BID
A28: 3071/OC-CR | B28: Programa de Infraestructura de Transporte | C28: ='Anexo 1'!C28 -> MOPT | D28: =+'Anexo 1'!E28 -> 400000000 | E28: N/A | F28: N/A | G28: N/A | H28: N/A | I28: N/A | J28: N/A | K28: N/A
A29: 3072/CH-CR | D29: =+'Anexo 1'!E29 -> 50000000 | E29: N/A | F29: N/A | G29: N/A | H29: N/A | I29: N/A | J29: N/A | K29: N/A
A30: =+'Anexo 1'!A30 -> 4864/OC-CR | B30: Programa de Infraestructura Vial y Promoción de Asociaciones Público-Privadas | C30: ='Anexo 1'!C30 -> MOPT | D30: =+'Anexo 1'!E30 -> 125000000 | E30: 53000000 | F30: 70647917 | G30: 39647917 | H30: =F30-G30 -> 31000000 | I30: N/A | J30: N/A | K30: N/A
A31: =+'Anexo 1'!A31 -> 4871/OC-CR | B31: Programa de Seguridad Ciudadana y Prevención de Violencia 2/ | C31: ='Anexo 1'!C31 -> MJP | D31: =+'Anexo 1'!E31 -> 100000000 | E31: 0 | F31: 1281033.4 | G31: 801404.77 | H31: =F31-G31 -> 479628.6 | I31: N/A | J31: N/A | K31: N/A
A32: 5823/OC-CR | B32: Programa de Infraestructura Vial y Movilidad Urbana: Conectividad Resiliente | C32: ='Anexo 1'!C32 -> MOPT | D32: =+'Anexo 1'!E32 -> 225000000 | E32: N/A | F32: N/A | G32: N/A | H32: N/A | I32: N/A | J32: N/A | K32: N/A
A33: 6061/OC-CR | B33: Segundo Programa de Energía Renovable, Transmisión y Distribución de Electricidad | C33: ='Anexo 1'!C33 -> ICE | D33: =+'Anexo 1'!E33 -> 200000000 | E33: 115080000 | F33: 115080000 | G33: 0 | H33: =F33-G33 -> 115080000 | I33: N/A | J33: N/A | K33: N/A
D34: =SUM(D28:D33) -> 1100000000 | E34: =SUM(E28:E33) -> 168080000 | F34: =SUM(F28:F33) -> 1.8700895e+08 | G34: =SUM(G28:G33) -> 40449322 | H34: =SUM(H28:H33) -> 1.4655963e+08 | I34: =SUM(I28:I33) -> 0 | J34: =SUM(J28:J33) -> 0 | K34: =SUM(K28:K33) -> 0
A36: BIRF
A37: 9075-CR | B37: Proyecto Hacienda Digital para el Bicentenario | C37: ='Anexo 1'!C37 -> MH | D37: =+'Anexo 1'!E37 -> 126640000 | E37: N/A | F37: N/A | G37: N/A | H37: N/A | I37: N/A | J37: N/A | K37: N/A
A38: 9502-CR | B38: Segundo Préstamo de Políticas de Desarrollo de la Gestión del Riesgo de Desastres en Costa Rica con Opción de Desembolso Diferido ante Catástrofes (CAT DDO) | C38: ='Anexo 1'!C38 -> CNE | D38: =+'Anexo 1'!E38 -> 160000000 | E38: N/A | F38: N/A | G38: N/A | H38: N/A | I38: N/A | J38: N/A | K38: N/A
A39: 9653-CR | B39: Programa de Reconstrucción y Desarrollo Territorial Resiliente al Clima | C39: ='Anexo 1'!C39 -> CNE | D39: =+'Anexo 1'!E39 -> 350000000 | E39: 18748448 | F39: 18748448 | G39: 0 | H39: =+F39-G39 -> 18748448 | I39: 20000000 | J39: 0 | K39: =+I39-J39 -> 20000000
D40: =SUM(D37:D39) -> 636640000 | E40: =SUM(E37:E39) -> 18748448 | F40: =SUM(F37:F39) -> 18748448 | G40: =SUM(G37:G39) -> 0 | H40: =SUM(H37:H39) -> 18748448 | I40: =SUM(I37:I39) -> 20000000 | J40: =SUM(J37:J39) -> 0 | K40: =SUM(K37:K39) -> 20000000
A42: JICA
A43: CR-P5-2 | B43: Proyecto Geotérmico Borinquen I 3/ | C43: ='Anexo 1'!C43 -> ICE | D43: =+'Anexo 1'!E43 -> 1.6000369e+08 | E43: 1.3432532e+08 | F43: 1.3432532e+08 | G43: 96785236 | H43: =F43-G43 -> 37540087 | I43: N/A | J43: N/A | K43: N/A
D44: =SUM(D43:D43) -> 1.6000369e+08 | E44: =SUM(E43:E43) -> 1.3432532e+08 | F44: =SUM(F43:F43) -> 1.3432532e+08 | G44: =SUM(G43:G43) -> 96785236 | H44: =SUM(H43:H43) -> 37540087 | I44: =SUM(I43:I43) -> 0 | J44: =SUM(J43:J43) -> 0 | K44: =SUM(K43:K43) -> 0
A46: OPEC FUND
A47: 16603P | B47: Proyecto Ampliación y Mejoramiento del Corredor Vial San José-San Ramón | C47: ='Anexo 1'!C47 -> CONAVI | D47: =+'Anexo 1'!E47 -> 170000000 | E47: N/A | F47: N/A | G47: N/A | H47: N/A | I47: N/A | J47: N/A | K47: N/A
D48: =SUM(D47:D47) -> 170000000 | E48: =SUM(E47:E47) -> 0 | F48: =SUM(F47:F47) -> 0 | G48: =SUM(G47:G47) -> 0 | H48: =SUM(H47:H47) -> 0 | I48: =SUM(I47:I47) -> 0 | J48: =SUM(J47:J47) -> 0 | K48: =SUM(K47:K47) -> 0
A50: G. TOTAL en US$ | D50: =D21+D25+D34+D40+D44+D48 -> 5.0424149e+09 | E50: =E21+E25+E34+E40+E44+E48 -> 6.296545e+08 | F50: =F21+F25+F34+F40+F44+F48 -> 9.966763e+08 | G50: =G21+G25+G34+G40+G44+G48 -> 2.0219659e+08 | H50: =H21+H25+H34+H40+H44+H48 -> 7.9447972e+08 | I50: =I21+I25+I34+I40+I44+I48 -> 21995970 | J50: =J21+J25+J34+J40+J44+J48 -> 1995970 | K50: =K21+K25+K34+K40+K44+K48 -> 20000000
A53: Fuente: Base de datos SIGADE v. 6.2.0.0 / Informes de unidades ejecutoras y coordinadoras (UE/UCP).
A55: Notas:
A56: 1/ Este préstamo puede ser desembolsado tanto en euros como en dólares, por lo cual el monto total desembolsado es ajustado según el tipo de cambio de euros del día en que se realiza el desembolso.
A57: 2/ En el I semestre 2026 se adicionó al Programa de Seguridad Ciudadana y Prevención de Violencia, recursos de contrapartida nacional.
A58: 3/ Para dolarizar los montos de los préstamos cuya moneda contractual no fue pactada en dólares, se utilizó como referencia el valor del tipo de cambio al 30 de junio de 2026 de dicha moneda con respecto al dólar.
A60: Abreviaturas:
A61: N/A= No aplica.

Sheet Anexo 5
A4: ANEXO N° 5
A5: DESEMBOLSOS, COMISIONES DE COMPROMISO, AVANCE FINANCIERO, AVANCE FISICO 2016 AL I SEMESTRE 2026 Y DESEMPEÑO DE LOS CRÉDITOS DE INVERSIÓN EN EJECUCIÓN
A6: (cifras expresadas en valores absolutos en US$)
A7: =+'Anexo 1'!A7:J7 -> 46203
A9: Referencia del Acreedor | B9: Nombre del Programa/Proyecto | C9: Organismo Ejecutor | D9: Monto del préstamo (en US$) | E9: Monto acumulado desembolsado a junio 2026 (en US$) | F9: Desembolsos 1/ | Q9: Comisiones de Compromisos Pagadas 1/ | AB9: Avance Financiero (%) 2/ | AM9: Avance Físico (%) 2/ | AX9: Desempeño del programa/proyecto según DGGDP al 30-06-2026 3/
F10: 2016 | G10: 2017 | H10: 2018 | I10: 2019 | J10: 2020 | K10: 2021 | L10: 2022 | M10: 2023 | N10: 2024 | O10: 2025 | P10: I SEM 2026 | Q10: 2016 | R10: 2017 | S10: 2018 | T10: 2019 | U10: 2020 | V10: 2021 | W10: 2022 | X10: 2023 | Y10: 2024 | Z10: 2025 | AA10: I SEM 2026 | AB10: 2016 | AC10: 2017 | AD10: 2018 | AE10: 2019 | AF10: 2020 | AG10: 2021 | AH10: 2022 | AI10: 2023 | AJ10: 2024 | AK10: 2025 | AL10: I SEM 2026 | AM10: 2016 | AN10: 2017 | AO10: 2018 | AP10: 2019 | AQ10: 2020 | AR10: 2021 | AS10: 2022 | AT10: 2023 | AU10: 2024 | AV10: 2025 | AW10: I SEM 2026
A12: BCIE
A13: 2129 | B13: Proyecto de Reducción de Agua No Contabilizada y Optimización de la Eficiencia Energética en el GAM | C13: ='Anexo 1'!C13 -> AyA | D13: =+'Anexo 1'!E13 -> 130000000 | E13: ='Anexo 2'!E13 -> 50000000 | F13: 200000 | G13: 3000000 | H13: 0 | I13: 5000000 | J13: 0 | K13: 0 | L13: 3000000 | M13: 3800000 | N13: 11000000 | O13: 24000000 | P13: ='Anexo 2'!F13 -> 0 | Q13: 330416.67 | R13: 330163.89 | S13: 322147.22 | T13: 320522.23 | U13: 312144.45 | V13: 308729.16 | W13: 305041.67 | X13: 302643.06 | Y13: =147408.33+143437.22 -> 290845.55 | Z13: 262248.67 | AA13: 207297.23 | AB13: 0.0015384615 | AC13: 0.024615385 | AD13: 0.024615385 | AE13: 0.063076923 | AF13: 0.063076923 | AG13: 0.063076923 | AH13: 0.086153846 | AI13: 0.11538462 | AJ13: 0.2 | AK13: 0.3846 | AL13: =E13/D13 -> 0.38461538 | AM13: 0.0312 | AN13: 0.0433 | AO13: 0.0667 | AP13: 0.104 | AQ13: 0.1483 | AR13: 0.2642 | AS13: 0.3068 | AT13: 0.4042 | AU13: 0.4739 | AV13: 0.6212 | AW13: ='Anexo 2'!I13 -> 0.663 | AX13: 2
A14: 2164 | B14: Programa de Abastecimiento del Área Metropolitana de San José, Acueductos Urbanos II y Alcantarillado Sanitario de Juanito Mora de Puntarenas | C14: ='Anexo 1'!C14 -> AyA | D14: =+'Anexo 1'!E14 -> 1.5456239e+08 | E14: ='Anexo 2'!E14 -> 67354499 | F14: N/A | G14: N/A | H14: 0 | I14: 1500000 | J14: 0 | K14: 9467661.5 | L14: 5886838 | M14: 0 | N14: 8500000 | O14: 36000000 | P14: ='Anexo 2'!F14 -> 6000000 | Q14: N/A | R14: N/A | S14: N/A | T14: N/A | U14: N/A | V14: N/A | W14: N/A | X14: N/A | Y14: N/A | Z14: N/A | AA14: 0 | AB14: N/A | AC14: N/A | AD14: 0 | AE14: 0.0097048189 | AF14: 0.0097048189 | AG14: 0.070959445 | AH14: 0.10904658 | AI14: 0.10904658 | AJ14: 0.16404055 | AK14: 0.397 | AL14: =E14/D14 -> 0.43577548 | AM14: N/A | AN14: N/A | AO14: 0 | AP14: 0.11850501 | AQ14: 0.137 | AR14: 0.1931593 | AS14: 0.2038 | AT14: 0.2344 | AU14: 0.36912615 | AV14: 0.51953178 | AW14: ='Anexo 2'!I14 -> 0.550019 | AX14: 3
A15: 2188-A | B15: Programa Acueductos y Alcantarillados en Ciudades Costeras (PAACC) | C15: ='Anexo 1'!C15 -> AyA | D15: =+'Anexo 1'!E15 -> 111128810 | E15: ='Anexo 2'!E15 -> 17088000 | F15: N/A | G15: N/A | H15: N/A | I15: 0 | J15: 0 | K15: 1000000 | L15: 1088000 | M15: 1900000 | N15: 5100000 | O15: 8000000 | P15: ='Anexo 2'!F15 -> 0 | Q15: N/A | R15: N/A | S15: N/A | T15: 112231.92 | U15: 225333.52 | V15: 225660.46 | W15: 214396.94 | X15: 217514.29 | Y15: =106443.53+106494.24 -> 212937.77 | Z15: 196579.04 | AA15: 91429.95 | AB15: N/A | AC15: N/A | AD15: N/A | AE15: 0 | AF15: 0 | AG15: 0.0089985666 | AH15: 0.01895818 | AI15: 0.035886284 | AJ15: 0.081778973 | AK15: 0.1538 | AL15: =E15/D15 -> 0.15376751 | AM15: N/A | AN15: N/A | AO15: 0 | AP15: 0 | AQ15: 0.091619426 | AR15: 0.11447101 | AS15: 0.1165 | AT15: 0.1431 | AU15: 0.1343 | AV15: 0.17509499 | AW15: ='Anexo 2'!I15 -> 0.25024447 | AX15: 2
A16: 2198 | B16: Programa de Alcantarillado y Control de Inundaciones para Limón 4/ | C16: ='Anexo 1'!C16 -> AyA/SENARA | D16: =+'Anexo 1'!E16 -> 55080000 | E16: ='Anexo 2'!E16 -> 54220000 | F16: N/A | G16: N/A | H16: N/A | I16: 0 | J16: 500000 | K16: 0 | L16: 0 | M16: 0 | N16: 8000000 | O16: 28120000 | P16: ='Anexo 2'!F16 -> 17600000 | Q16: N/A | R16: N/A | S16: N/A | T16: N/A | U16: N/A | V16: N/A | W16: N/A | X16: N/A | Y16: N/A | Z16: N/A | AA16: 0 | AB16: N/A | AC16: N/A | AD16: N/A | AE16: 0 | AF16: 0.0090777052 | AG16: 0.0090777052 | AH16: 0.0090777052 | AI16: 0.0090777052 | AJ16: 0.15432099 | AK16: 0.6649 | AL16: =E16/D16 -> 0.98438635 | AM16: N/A | AN16: N/A | AO16: 0 | AP16: 0.0914 | AQ16: 0.15978758 | AR16: 0.1815 | AS16: 0.233 | AT16: 0.2535 | AU16: 0.2461 | AV16: 0.4589 | AW16: ='Anexo 2'!I16 -> 0.6434 | AX16: 2
A17: 2220 | B17: Proyecto de Abastecimiento de Agua para la Cuenca Media del río Tempisque y Comunidades Costeras (PAACUME) 4/ | C17: ='Anexo 1'!C17 -> SENARA | D17: =+'Anexo 1'!E17 -> 425000000 | E17: ='Anexo 2'!E17 -> 1.1270071e+08 | F17: N/A | G17: N/A | H17: N/A | I17: N/A | J17: N/A | K17: 0 | L17: 0 | M17: 0 | N17: 0 | O17: 1.1270071e+08 | P17: ='Anexo 2'!F17 -> 0 | Q17: N/A | R17: N/A | S17: N/A | T17: N/A | U17: N/A | V17: N/A | W17: 540104.17 | X17: 1077257 | Y17: 1074305.6 | Z17: 2075566 | AA17: 394711.6 | AB17: N/A | AC17: N/A | AD17: N/A | AE17: N/A | AF17: N/A | AG17: N/A | AH17: 0 | AI17: 0 | AJ17: 0 | AK17: 0.2652 | AL17: =E17/D17 -> 0.26517815 | AM17: N/A | AN17: N/A | AO17: N/A | AP17: N/A | AQ17: N/A | AR17: N/A | AS17: N/D | AT17: 0.0003 | AU17: 0.0746 | AV17: 0.1129 | AW17: ='Anexo 2'!I17 -> 0.1287 | AX17: 2
A18: 2317 | B18: Programa de emergencia para la reconstrucción integral y resiliente de infraestructura (PROERI) 4/ | C18: ='Anexo 1'!C18 -> CNE | D18: =+'Anexo 1'!E18 -> 700000000 | E18: ='Anexo 2'!E18 -> 2.0756411e+08 | F18: N/A | G18: N/A | H18: N/A | I18: N/A | J18: N/A | K18: N/A | L18: N/A | M18: 0 | N18: 74689276 | O18: 1.3287484e+08 | P18: ='Anexo 2'!F18 -> 0 | Q18: N/A | R18: N/A | S18: N/A | T18: N/A | U18: N/A | V18: N/A | W18: N/A | X18: N/A | Y18: 847377.59 | Z18: 1584989 | AA18: 1216410.8 | AB18: N/A | AC18: N/A | AD18: N/A | AE18: N/A | AF18: N/A | AG18: N/A | AH18: N/A | AI18: N/A | AJ18: 0.10669897 | AK18: 0.2965 | AL18: =E18/D18 -> 0.29652016 | AM18: N/A | AN18: N/A | AO18: N/A | AP18: N/A | AQ18: N/A | AR18: N/A | AS18: N/A | AT18: N/A | AU18: 0.1384 | AV18: 0.2655 | AW18: ='Anexo 2'!I18 -> 0.4022 | AX18: 2
A19: 2341 | B19: Proyecto Ampliación y Mejoramiento del Corredor Vial San José-San Ramón 5/ | C19: ='Anexo 1'!C19 -> CONAVI | D19: =+'Anexo 1'!E19 -> 600000000 | E19: ='Anexo 2'!E19 -> 0 | F19: N/A | G19: N/A | H19: N/A | I19: N/A | J19: N/A | K19: N/A | L19: N/A | M19: N/A | N19: N/A | O19: N/A | P19: ='Anexo 2'!F19 -> 0 | Q19: N/A | R19: N/A | S19: N/A | T19: N/A | U19: N/A | V19: N/A | W19: N/A | X19: N/A | Y19: N/A | Z19: N/A | AA19: 0 | AB19: N/A | AC19: N/A | AD19: N/A | AE19: N/A | AF19: N/A | AG19: N/A | AH19: N/A | AI19: N/A | AJ19: N/A | AK19: N/A | AL19: =E19/D19 -> 0 | AM19: N/A | AN19: N/A | AO19: N/A | AP19: N/A | AQ19: N/A | AR19: N/A | AS19: N/A | AT19: N/A | AU19: N/A | AV19: N/A | AW19: ='Anexo 2'!I19 -> 0 | AX19: 1
A20: 2241 | B20: Proyecto construcción, equipamiento y puesta en operación de las líneas 1 y 2 del Sistema de Tren Rápido de Pasajeros (TRP) en la Gran Área Metropolitana 5/ | C20: ='Anexo 1'!C20 -> INCOFER | D20: =+'Anexo 1'!E20 -> 550000000 | E20: ='Anexo 2'!E20 -> 0 | F20: N/A | G20: N/A | H20: N/A | I20: N/A | J20: N/A | K20: N/A | L20: N/A | M20: N/A | N20: N/A | O20: N/A | P20: ='Anexo 2'!F20 -> 0 | Q20: N/A | R20: N/A | S20: N/A | T20: N/A | U20: N/A | V20: N/A | W20: N/A | X20: N/A | Y20: N/A | Z20: N/A | AA20: 0 | AB20: N/A | AC20: N/A | AD20: N/A | AE20: N/A | AF20: N/A | AG20: N/A | AH20: N/A | AI20: N/A | AJ20: N/A | AK20: N/A | AL20: =E20/D20 -> 0 | AM20: N/A | AN20: N/A | AO20: N/A | AP20: N/A | AQ20: N/A | AR20: N/A | AS20: N/A | AT20: N/A | AU20: N/A | AV20: N/A | AW20: ='Anexo 2'!I20 -> 0 | AX20: 1
D21: =SUM(D13:D20) -> 2.7257712e+09 | E21: =SUM(E13:E20) -> 5.0892732e+08 | F21: =SUM(F13:F20) -> 200000 | G21: =SUM(G13:G20) -> 3000000 | H21: =SUM(H13:H20) -> 0 | I21: =SUM(I13:I20) -> 6500000 | J21: =SUM(J13:J20) -> 500000 | K21: =SUM(K13:K20) -> 10467661 | ... AA21: =SUM(AA13:AA20) -> 1909849.6
A23: BEI
A24: 97486 | B24: Proyecto construcción, equipamiento y puesta en operación de las líneas 1 y 2 del Sistema de Tren Rápido de Pasajeros (TRP) en la Gran Área Metropolitana 5/ | C24: ='Anexo 1'!C24 -> INCOFER | D24: =+'Anexo 1'!E24 -> 250000000 | E24: ='Anexo 2'!E24 -> 0 | F24: N/A | G24: N/A | H24: N/A | I24: N/A | J24: N/A | K24: N/A | L24: N/A | M24: N/A | N24: N/A | O24: N/A | P24: ='Anexo 2'!F24 -> 0 | Q24: N/A | R24: N/A | S24: N/A | T24: N/A | U24: N/A | V24: N/A | W24: N/A | X24: N/A | Y24: N/A | Z24: N/A | AA24: 0 | AB24: N/A | AC24: N/A | AD24: N/A | AE24: N/A | AF24: N/A | AG24: N/A | AH24: N/A | AI24: N/A | AJ24: N/A | AK24: N/A | AL24: =E24/D24 -> 0 | AM24: N/A | AN24: N/A | AO24: N/A | AP24: N/A | AQ24: N/A | AR24: N/A | AS24: N/A | AT24: N/A | AU24: N/A | AV24: N/A | AW24: ='Anexo 2'!I24 -> 0 | AX24: 0.01
D25: =SUM(D24) -> 250000000 | E25: =SUM(E24) -> 0 | F25: =SUM(F24) -> 0 | G25: =SUM(G24) -> 0 | H25: =SUM(H24) -> 0 | I25: =SUM(I24) -> 0 | J25: =SUM(J24) -> 0 | K25: =SUM(K24) -> 0 | ... AA25: =SUM(AA24) -> 0
A27: BID
A28: 3071/OC-CR | B28: Programa de Infraestructura de Transporte 6/ | C28: ='Anexo 1'!C28 -> MOPT | D28: =+'Anexo 1'!E28 -> 400000000 | E28: ='Anexo 2'!E28 -> 318000000 | F28: 5000000 | G28: 45000000 | H28: 120000000 | I28: 0 | J28: 0 | K28: 30000000 | L28: 80000000 | M28: 3000000 | N28: 30000000 | O28: 5000000 | P28: ='Anexo 2'!F28 -> 0 | Q28: 2278532.3 | R28: 1966518.1 | S28: 1785068.5 | T28: 1230547.9 | U28: 1150671.4 | V28: 1055629.9 | W28: 830136.99 | X28: 598191.78 | Y28: =292841.57+246871.58 -> 539713.15 | Z28: 431589.7 | AA28: 204438.36 | AB28: 0.011111111 | AC28: 0.125 | AD28: 0.425 | AE28: 0.425 | AF28: 0.425 | AG28: 0.5 | AH28: 0.7 | AI28: 0.7075 | AJ28: 0.7825 | AK28: 0.795 | AL28: =E28/D28 -> 0.795 | AM28: 0.13 | AN28: 0.31 | AO28: 0.49 | AP28: 0.59 | AQ28: 0.74 | AR28: 0.47 | AS28: 0.5797 | AT28: 0.5369 | AU28: 0.5874 | AV28: 0.6591 | AW28: ='Anexo 2'!I28 -> 0.6718 | AX28: 2
A29: 3072/CH-CR | D29: =+'Anexo 1'!E29 -> 50000000 | E29: ='Anexo 2'!E29 -> 30000000 | F29: 0 | G29: 0 | H29: 0 | I29: 0 | J29: 15000000 | K29: 5000000 | L29: 10000000 | M29: 0 | N29: 0 | O29: 0 | P29: ='Anexo 2'!F29 -> 0 | Q29: 286447.34 | R29: 249854.04 | S29: 250000 | T29: 250020.01 | U29: 250145.97 | V29: 176300.8 | W29: 143698.63 | X29: 100000 | Y29: =50058.38+50000 -> 100058.38 | Z29: 99941.62 | AA29: 49863.01 | AB29: 0 | AC29: 0 | AD29: 0 | AE29: 0 | AF29: 0.3 | AG29: 0.4 | AH29: 0.6 | AI29: 0.6 | AJ29: 0.6 | AK29: 0.6 | AL29: =E29/D29 -> 0.6 | AP29: 0
A30: =+'Anexo 1'!A30 -> 4864/OC-CR | B30: Programa de Infraestructura Vial y Promoción de Asociaciones Público-Privadas | C30: ='Anexo 1'!C30 -> MOPT | D30: =+'Anexo 1'!E30 -> 125000000 | E30: ='Anexo 2'!E30 -> 91500000 | F30: N/A | G30: N/A | H30: N/A | I30: N/A | J30: 0 | K30: 20000000 | L30: 0 | M30: 20000000 | N30: 8000000 | O30: 33500000 | P30: ='Anexo 2'!F30 -> 10000000 | Q30: N/A | R30: N/A | S30: N/A | T30: N/A | U30: 0 | V30: 809476.57 | W30: 525000.01 | X30: 525000.01 | Y30: 433699.76 | Z30: 320631.55 | AA30: 109520.55 | AB30: N/A | AC30: N/A | AD30: N/A | AE30: N/A | AF30: 0 | AG30: 0.16 | AH30: 0.16 | AI30: 0.32 | AJ30: 0.384 | AK30: 0.652 | AL30: =E30/D30 -> 0.732 | AM30: N/A | AN30: N/A | AO30: N/A | AP30: N/A | AQ30: 0 | AR30: 0.403 | AS30: 0.441 | AT30: 0.5192 | AU30: 0.6029 | AV30: 0.7793 | AW30: ='Anexo 2'!I30 -> 0.8086 | AX30: 1
A31: =+'Anexo 1'!A31 -> 4871/OC-CR | B31: Programa de Seguridad Ciudadana y Prevención de Violencia | C31: ='Anexo 1'!C31 -> MJP | D31: =+'Anexo 1'!E31 -> 100000000 | E31: ='Anexo 2'!E31 -> 81923617 | F31: N/A | G31: N/A | H31: N/A | I31: N/A | J31: N/A | K31: 850000 | L31: 5073616.8 | M31: 12000000 | N31: 20000000 | O31: 27000000 | P31: ='Anexo 2'!F31 -> 17000000 | Q31: N/A | R31: N/A | S31: N/A | T31: N/A | U31: N/A | V31: 666262.45 | W31: 496751.37 | X31: 471841.45 | Y31: 374708.15 | Z31: 290281.67 | AA31: 81216.78 | AB31: N/A | AC31: N/A | AD31: N/A | AE31: N/A | AF31: N/A | AG31: 0.0085 | AH31: 0.059236168 | AI31: 0.17923617 | AJ31: 0.37923617 | AK31: 0.6492 | AL31: =E31/D31 -> 0.81923617 | AM31: N/A | AN31: N/A | AO31: N/A | AP31: N/A | AQ31: N/A | AR31: 0.0029818722 | AS31: 0.1509 | AT31: 0.4405 | AU31: 0.4292 | AV31: 0.6473 | AW31: ='Anexo 2'!I31 -> 0.8342 | AX31: 2
A32: 5823/OC-CR | B32: Programa de Infraestructura Vial y Movilidad Urbana: Conectividad Resiliente | C32: ='Anexo 1'!C32 -> MOPT | D32: =+'Anexo 1'!E32 -> 225000000 | E32: ='Anexo 2'!E32 -> 11854568 | F32: N/A | G32: N/A | H32: N/A | I32: N/A | J32: N/A | K32: N/A | L32: N/A | M32: N/A | N32: 0 | O32: 8347875.3 | P32: ='Anexo 2'!F32 -> 3506692.4 | Q32: N/A | R32: N/A | S32: N/A | T32: N/A | U32: N/A | V32: N/A | W32: N/A | X32: N/A | Y32: =303125+571875 -> 875000 | Z32: 1120335 | AA32: 545408.04 | AB32: N/A | AC32: N/A | AD32: N/A | AE32: N/A | AF32: N/A | AG32: N/A | AH32: N/A | AI32: N/A | AJ32: 0 | AK32: 0.0371 | AL32: =E32/D32 -> 0.052686968 | AM32: N/A | AN32: N/A | AO32: N/A | AP32: N/A | AQ32: N/A | AR32: N/A | AS32: N/A | AT32: N/A | AU32: 0.0389 | AV32: 0.1491 | AW32: ='Anexo 2'!I32 -> 0.1774 | AX32: 1
A33: 6061/OC-CR | B33: Segundo Programa de Energía Renovable, Transmisión y Distribución de Electricidad 7/ | C33: ='Anexo 1'!C33 -> ICE | D33: =+'Anexo 1'!E33 -> 200000000 | E33: ='Anexo 2'!E33 -> 0 | F33: N/A | G33: N/A | H33: N/A | I33: N/A | J33: N/A | K33: N/A | L33: N/A | M33: N/A | N33: N/A | O33: N/A | P33: ='Anexo 2'!F33 -> 0 | Q33: N/A | R33: N/A | S33: N/A | T33: N/A | U33: N/A | V33: N/A | W33: N/A | X33: N/A | Y33: N/A | Z33: N/A | AA33: 0 | AB33: N/A | AC33: N/A | AD33: N/A | AE33: N/A | AF33: N/A | AG33: N/A | AH33: N/A | AI33: N/A | AJ33: N/A | AK33: N/A | AL33: =E33/D33 -> 0 | AM33: N/A | AN33: N/A | AO33: N/A | AP33: N/A | AQ33: N/A | AR33: N/A | AS33: N/A | AT33: N/A | AU33: N/A | AV33: N/A | AW33: ='Anexo 2'!I33 -> 0.2452 | AX33: 1
D34: =SUM(D28:D33) -> 1100000000 | E34: =SUM(E28:E33) -> 5.3327818e+08 | F34: =SUM(F28:F33) -> 5000000 | G34: =SUM(G28:G33) -> 45000000 | H34: =SUM(H28:H33) -> 120000000 | I34: =SUM(I28:I33) -> 0 | J34: =SUM(J28:J33) -> 15000000 | K34: =SUM(K28:K33) -> 55850000 | ... AA34: =SUM(AA28:AA33) -> 990446.74
A36: BIRF
A37: 9075-CR | B37: Proyecto Hacienda Digital para el Bicentenario 4/ | C37: ='Anexo 1'!C37 -> MH | D37: =+'Anexo 1'!E37 -> 126640000 | E37: ='Anexo 2'!E37 -> 30220308 | F37: N/A | G37: N/A | H37: N/A | I37: N/A | J37: 0 | K37: 3238550 | L37: 2114200 | M37: 3947150 | N37: 5587431.1 | O37: 9397922.8 | P37: ='Anexo 2'!F37 -> 5935054 | Q37: N/A | R37: N/A | S37: N/A | T37: N/A | U37: N/A | V37: 561781.87 | W37: 379666.23 | X37: 373438.26 | Y37: =183298.28+181444.57 -> 364742.85 | Z37: 326950.97 | AA37: 144952.24 | AB37: N/A | AC37: N/A | AD37: N/A | AE37: N/A | AF37: 0 | AG37: 0.020675115 | AH37: 0.034172306 | AI37: 0.05937117 | AJ37: 0.095041695 | AK37: 0.1715 | AL37: =E37/D37 -> 0.23863162 | AM37: N/A | AN37: N/A | AO37: N/A | AP37: N/A | AQ37: 0 | AR37: 0.0063 | AS37: 0.0492 | AT37: 0.0819 | AU37: 0.2357 | AV37: 0.5038 | AW37: ='Anexo 2'!I37 -> 0.5227 | AX37: 3
A38: 9502-CR | B38: Segundo Préstamo de Políticas de Desarrollo de la Gestión del Riesgo de Desastres en Costa Rica con Opción de Desembolso Diferido ante Catástrofes (CAT DDO) 8/ | C38: ='Anexo 1'!C38 -> CNE | D38: =+'Anexo 1'!E38 -> 160000000 | E38: ='Anexo 2'!E38 -> N/A | F38: N/A | G38: N/A | H38: N/A | I38: N/A | J38: N/A | K38: N/A | L38: N/A | M38: N/A | N38: N/A | O38: N/A | P38: ='Anexo 2'!F38 -> N/A | Q38: N/A | R38: N/A | S38: N/A | T38: N/A | U38: N/A | V38: N/A | W38: N/A | X38: N/A | Y38: N/A | Z38: N/A | AA38: 0 | AB38: N/A | AC38: N/A | AD38: N/A | AE38: N/A | AF38: N/A | AG38: N/A | AH38: N/A | AI38: N/A | AJ38: 0 | AK38: 0 | AL38: N/A | AM38: N/A | AN38: N/A | AO38: N/A | AP38: N/A | AQ38: N/A | AR38: N/A | AS38: N/A | AT38: N/A | AU38: N/A | AV38: 0 | AW38: ='Anexo 2'!I38 -> N/A | AX38: N/A
A39: 9653-CR | B39: Programa de Reconstrucción y Desarrollo Territorial Resiliente al Clima 5/ | C39: ='Anexo 1'!C39 -> CNE | D39: =+'Anexo 1'!E39 -> 350000000 | E39: ='Anexo 2'!E39 -> 0 | F39: N/A | G39: N/A | H39: N/A | I39: N/A | J39: N/A | K39: N/A | L39: N/A | M39: N/A | N39: N/A | O39: N/A | P39: ='Anexo 2'!F39 -> 0 | Q39: N/A | R39: N/A | S39: N/A | T39: N/A | U39: N/A | V39: N/A | W39: N/A | X39: N/A | Y39: N/A | Z39: N/A | AA39: 0 | AB39: N/A | AC39: N/A | AD39: N/A | AE39: N/A | AF39: N/A | AG39: N/A | AH39: N/A | AI39: N/A | AJ39: N/A | AK39: N/A | AL39: =E39/D39 -> 0 | AM39: N/A | AN39: N/A | AO39: N/A | AP39: N/A | AQ39: N/A | AR39: N/A | AS39: N/A | AT39: N/A | AU39: N/A | AV39: N/A | AW39: ='Anexo 2'!I39 -> 0 | AX39: 1
D40: =SUM(D37:D39) -> 636640000 | E40: =SUM(E37:E39) -> 30220308 | F40: =SUM(F37:F39) -> 0 | G40: =SUM(G37:G39) -> 0 | H40: =SUM(H37:H39) -> 0 | I40: =SUM(I37:I39) -> 0 | J40: =SUM(J37:J39) -> 0 | K40: =SUM(K37:K39) -> 3238550 | ... AA40: =SUM(AA37:AA39) -> 144952.24
A42: JICA
A43: CR-P5-2 | B43: Proyecto Geotérmico Borinquen I 4/ 9/ | C43: ='Anexo 1'!C43 -> ICE | D43: =+'Anexo 1'!E43 -> 1.6000369e+08 | E43: ='Anexo 2'!E43 -> 41311218 | F43: N/A | G43: 0 | H43: =17318639/P79 -> 106615.61 | I43: =1216372948/P79 -> 7488136.8 | J43: =1118131105/P79 -> 6883348.3 | K43: =1399114822/P79 -> 8613117.6 | L43: =549543611/P79 -> 3383056 | M43: =1191255844/P79 -> 7333513 | N43: =754003013/P79 -> 4641732.4 | O43: =(28295782+402356216)/P79 -> 2651145 | P43: ='Anexo 2'!F43 -> 210553.69 | Q43: N/A | R43: 0 | S43: 3273322.4 | T43: 235399.25 | U43: 344548.27 | V43: 204064.99 | W43: 164612.25 | X43: 149433.86 | Y43: 127791.24 | Z43: 129728.14 | AA43: 59376.484 | AB43: N/A | AC43: N/A | AD43: 0.00066633215 | AE43: 0.047466107 | AF43: 0.090486041 | AG43: 0.14431678 | AH43: 0.16546039 | AI43: 0.21129379 | AJ43: 0.24030395 | AK43: 0.2569 | AL43: =E43/D43 -> 0.25818915 | AM43: N/A | AN43: 0.0025 | AO43: 0.0164772 | AP43: 0.10839093 | AQ43: 0.16761235 | AR43: 0.25671795 | AS43: 0.3014 | AT43: 0.3514 | AU43: 0.426 | AV43: 0.5083 | AW43: ='Anexo 2'!I43 -> 0.5122 | AX43: 2
D44: =SUM(D43:D43) -> 1.6000369e+08 | E44: =SUM(E43:E43) -> 41311218 | F44: =SUM(F43:F43) -> 0 | G44: =SUM(G43:G43) -> 0 | H44: =SUM(H43:H43) -> 106615.61 | I44: =SUM(I43:I43) -> 7488136.8 | J44: =SUM(J43:J43) -> 6883348.3 | K44: =SUM(K43:K43) -> 8613117.6 | ... AA44: =SUM(AA43:AA43) -> 59376.484
A46: OPEC FUND
A47: 16603P | B47: Proyecto Ampliación y Mejoramiento del Corredor Vial San José-San Ramón 5/ | C47: ='Anexo 1'!C47 -> CONAVI | D47: =+'Anexo 1'!E47 -> 170000000 | E47: ='Anexo 2'!E47 -> 0 | F47: N/A | G47: N/A | H47: N/A | I47: N/A | J47: N/A | K47: N/A | L47: N/A | M47: N/A | N47: N/A | O47: N/A | P47: ='Anexo 2'!F47 -> 0 | Q47: N/A | R47: N/A | S47: N/A | T47: N/A | U47: N/A | V47: N/A | W47: N/A | X47: N/A | Y47: N/A | Z47: N/A | AA47: 0 | AB47: N/A | AC47: N/A | AD47: N/A | AE47: N/A | AF47: N/A | AG47: N/A | AH47: N/A | AI47: N/A | AJ47: N/A | AK47: N/A | AL47: =E47/D47 -> 0 | AM47: N/A | AN47: N/A | AO47: N/A | AP47: N/A | AQ47: N/A | AR47: N/A | AS47: N/A | AT47: N/A | AU47: N/A | AV47: N/A | AW47: ='Anexo 2'!I47 -> 0 | AX47: 1
D48: =SUM(D47:D47) -> 170000000 | E48: =SUM(E47:E47) -> 0 | F48: =SUM(F47:F47) -> 0 | G48: =SUM(G47:G47) -> 0 | H48: =SUM(H47:H47) -> 0 | I48: =SUM(I47:I47) -> 0 | J48: =SUM(J47:J47) -> 0 | K48: =SUM(K47:K47) -> 0 | ... AA48: =SUM(AA47:AA47) -> 0
A50: G. TOTAL en US$ | D50: =D21+D25+D34+D40+D44+D48 -> 5.0424149e+09 | E50: =E21+E25+E34+E40+E44+E48 -> 1.113737e+09 | F50: =F21+F25+F34+F40+F44+F48 -> 5200000 | G50: =G21+G25+G34+G40+G44+G48 -> 48000000 | H50: =H21+H25+H34+H40+H44+H48 -> 1.2010662e+08 | I50: =I21+I25+I34+I40+I44+I48 -> 13988137 | J50: =J21+J25+J34+J40+J44+J48 -> 22383348 | K50: =K21+K25+K34+K40+K44+K48 -> 78169329 | ... AA50: =AA21+AA25+AA34+AA40+AA44+AA48 -> 3104625.1
A53: Fuente: Base de datos SIGADE v. 6.2.0.0 / Informes de unidades ejecutoras y coordinadoras (UE/UCP).
A55: Notas:
A56: 1/ Los valores corresponden al comportamiento de cada año y periodo en particular (no son acumulados).
A57: 2/ Los valores corresponden al avance acumulado desde que inició el Programa/Proyecto hasta el final de cada periodo.
A58: 3/ La Metodología para la Clasificación del Desempeño de los Programas/Proyectos Financiados con Endeudamiento Externo, fue creada con el fin de determinar el desempeño de los Programas/Proyectos en estado crítico, de alerta o con un buen desempeño, con base en distintos indicadores y en virtud de la adecuada toma de acciones por parte de los Ejecutores.
A59: 4/ Al cierre del I semestre 2025 se realizó un ajuste de las comisiones de compromiso pagadas por los préstamos 2198, 2220, 2317 en el año 2024, 9075-CR en el año 2021 y CR-P5-2 en el año 2020.
A60: 5/ Estos créditos son de muy reciente ingreso a la cartera dada la obtenición de su vigencia en abril o mayo de 2026 respectivamente. Esto justifica el avance físico y financiero de 0% para los programas/proyectos que financian.
A61: 6/ Durante el I Trimestre 2021, el Ejecutor aplicó un cambio a la metodología que venía implementando para estimar de avance físico del Programa, considerando las mejoras implementadas por parte del PIT para el cumplimiento de las disposiciones establecidas por la CGR. Adicionalmente, durante el IV trimestre 2023, se incluye la carretera a San Carlos RN 35, con lo cual se introduce un ajuste en los porcentajes de avance físico.
A62: 7/ Este crédito obtuvo su vigencia en abril de 2026, lo cual justifica su avance financiero en 0%, a pesar que acreditó avances físicos a través de la implementación de acciones vinculadas a procesos de licitación.
A63: 8/ Este préstamo es destinado para emergencias, no le aplica la Metodología del Desempeño, ya que es una línea de financiamiento contingente. Esto permite al gobierno realizar desembolsos de inmediato, una vez se declare una emergencia, sin necesidad de una programación previa de los mismos.
A64: 9/ Para dolarizar los montos de los préstamos cuya moneda contractual no fue pactada en dólares, se utilizó como referencia el valor del tipo de cambio al 30 de junio de 2026 de dicha moneda con respecto al dólar.
A66: Abreviaturas:
... A68: N/A= No aplica.
D76: TIPOS DE CAMBIO
F77: 2016 | G77: 2017 | H77: 2018 | I77: 2019 | J77: 2020 | K77: 2021 | L77: 2022 | M77: 2023 | N77: 2024 | O77: 2025 (31/12/2025) | P77: 2026 I Semestre
E78: Euros a $ | F78: 1.0517 | G78: 1.2005 | H78: 1.1445 | I78: 1.1238 | J78: 1.2281 | K78: 1.1347 | L78: 1.0671 | M78: 1.1052 | O78: 1.1741 | P78: 1.14 | Q78: Euros a $
E79: Yenes a $ | F79: 116.96 | G79: 112.69 | H79: 110.03 | I79: 108.5 | J79: 103.07 | K79: 115.1 | L79: 131.85 | M79: 141.78 | N79: 157.01 | O79: 156.83 | P79: 162.44 | Q79: Yenes a $
E80: Yuanes a $ | F80: 6.945 | G80: 6.5068 | H80: 6.8785 | I80: 6.9615 | J80: 6.5351 | K80: 6.3525 | L80: 6.8962 | M80: 7.1017 | Q80: Yuanes a $
E81: DEG a $ | J81: 1.44027 | Q81: DEG a $

Sheet Anexo 6
A4: ANEXO N° 6:
A5: GESTIÓN DEL VALOR PLANIFICADO DE LOS CRÉDITOS DE INVERSIÓN EN EJECUCIÓN
A6: (cifras expresadas en valores absolutos en US$)
A7: =+'Anexo 1'!A7:J7 -> 46203
A10: Referencia del Acreedor | B10: Nombre del Programa/Proyecto | C10: Organismo Ejecutor | D10: Monto del préstamo (en US$) | E10: Valor Planificado (PV) | F10: Valor Ganado (EV) | G10: Costo Real (AC) | H10: Presupuesto Hasta la Conclusión (BAC) | I10: Variación del Costo (CV) | J10: Variación del Cronograma (SV) | K10: Variación a la Conclusión (VAC) | L10: Índice de Desempeño del Costo (CPI) | M10: Índice de Desempeño del Cronograma (SPI) | N10: Estimación a la Conclusión (EAC) | O10: Estimación Hasta la Conclusión (ETC) | P10: Estimación de tiempo hasta la Conclusión (TTC) 1/ | Q10: Índice de Desempeño del Trabajo por Completar (TCPI)
A12: BCIE
A13: 2129 | B13: Proyecto de Reducción de Agua No Contabilizada y Optimización de la Eficiencia Energética en el GAM | C13: ='Anexo 1'!C13 -> AyA | D13: ='Anexo 1'!E13 -> 130000000 | E13: 80000000 | F13: 1.1779647e+08 | G13: =130000000+'Anexo 4'!F13 -> 1.7881409e+08 | H13: 1.7881409e+08 | I13: =F13-G13 -> -61017624 | J13: =F13-E13 -> 37796469 | K13: =H13-N13 -> -61017624 | L13: =F13/G13 -> 0.65876502 | M13: =F13/E13 -> 1.4724559 | N13: =G13+H13-F13 -> 2.3983172e+08 | O13: =N13-G13 -> 61017624 | P13: =((+'Anexo 2'!J13*12)-(('Anexo 2'!L13)*12))/M13 -> -31.705488 | Q13: N/A
A14: 2164 | B14: Programa de Abastecimiento del Área Metropolitana de San José, Acueductos Urbanos II y Alcantarillado Sanitario de Juanito Mora de Puntarenas | C14: ='Anexo 1'!C14 -> AyA | D14: ='Anexo 1'!E14 -> 1.5456239e+08 | E14: 95341586 | F14: 78821655 | G14: 71146835 | H14: 2.1293712e+08 | I14: =F14-G14 -> 7674819.8 | J14: =F14-E14 -> -16519930 | K14: =H14-N14 -> 7674819.8 | L14: =F14/G14 -> 1.107873 | M14: =F14/E14 -> 0.82672902 | N14: =G14+H14-F14 -> 2.052623e+08 | O14: =N14-G14 -> 1.3411547e+08 | P14: =((+'Anexo 2'!J14*12)-(('Anexo 2'!L14)*12))/M14 -> -45.891369 | Q14: =(H14-F14)/(H14-G14) -> 0.94587203
A15: 2188-A | B15: Programa Acueductos y Alcantarillados en Ciudades Costeras (PAACC) | C15: ='Anexo 1'!C15 -> AyA | D15: ='Anexo 1'!E15 -> 111128810 | E15: 30295600 | F15: 29362560 | G15: 26176390 | H15: 2.1196145e+08 | I15: =F15-G15 -> 3186169.2 | J15: =F15-E15 -> -933040.85 | K15: =H15-N15 -> 3186169.2 | L15: =F15/G15 -> 1.1217192 | M15: =F15/E15 -> 0.9692021 | N15: =G15+H15-F15 -> 2.0877528e+08 | O15: =N15-G15 -> 1.8259889e+08 | P15: =((+'Anexo 2'!J15*12)-(('Anexo 2'!L15)*12))/M15 -> -26.662237 | Q15: =(H15-F15)/(H15-G15) -> 0.98285024
A16: 2198 | B16: Programa de Alcantarillado y Control de Inundaciones para Limón | C16: ='Anexo 1'!C16 -> AyA/SENARA | D16: ='Anexo 1'!E16 -> 55080000 | E16: 51008590 | F16: 40715704 | G16: 37598771 | H16: 70952838 | I16: =F16-G16 -> 3116933 | J16: =F16-E16 -> -10292886 | K16: =H16-N16 -> 3116933 | L16: =F16/G16 -> 1.0828999 | M16: =F16/E16 -> 0.79821269 | N16: =G16+H16-F16 -> 67835905 | O16: =N16-G16 -> 30237134 | P16: =((+'Anexo 2'!J16*12)-(('Anexo 2'!L16)*12))/M16 -> -60.340288 | Q16: =(H16-F16)/(H16-G16) -> 0.90655014
A17: 2220 | B17: Proyecto de Abastecimiento de Agua para la Cuenca Media del río Tempisque y Comunidades Costeras (PAACUME) | C17: ='Anexo 1'!C17 -> SENARA | D17: ='Anexo 1'!E17 -> 425000000 | E17: 1.311721e+08 | F17: 1.2981443e+08 | G17: 24520488 | H17: 6.7384239e+08 | I17: =F17-G17 -> 1.0529394e+08 | J17: =F17-E17 -> -1357675.1 | K17: =H17-N17 -> 1.0529394e+08 | L17: =F17/G17 -> 5.2941209 | M17: =F17/E17 -> 0.98964967 | N17: =G17+H17-F17 -> 5.6854846e+08 | O17: =N17-G17 -> 5.4402797e+08 | P17: =((+'Anexo 2'!J17*12)-(('Anexo 2'!L17)*12))/M17 -> 10.431255 | Q17: =(H17-F17)/(H17-G17) -> 0.83784016
A18: 2317 | B18: Programa de emergencia para la reconstrucción integral y resiliente de infraestructura (PROERI) | C18: ='Anexo 1'!C18 -> CNE | D18: ='Anexo 1'!E18 -> 700000000 | E18: 2.0756411e+08 | F18: 2.0756411e+08 | G18: 1.4329343e+08 | H18: 700000000 | I18: =F18-G18 -> 64270677 | J18: =F18-E18 -> 0 | K18: =H18-N18 -> 64270677 | L18: =F18/G18 -> 1.4485249 | M18: =F18/E18 -> 1 | N18: =G18+H18-F18 -> 6.3572932e+08 | O18: =N18-G18 -> 4.9243589e+08 | P18: =((+'Anexo 2'!J18*12)-(('Anexo 2'!L18)*12))/M18 -> 43.956164 | Q18: =(H18-F18)/(H18-G18) -> 0.88455197
A19: 2341 | B19: Proyecto Ampliación y Mejoramiento del Corredor Vial San José-San Ramón | C19: ='Anexo 1'!C19 -> CONAVI | D19: ='Anexo 1'!E19 -> 600000000 | E19: 0 | F19: 0 | G19: 0 | H19: 757320000 | I19: =F19-G19 -> 0 | J19: =F19-E19 -> 0 | K19: =H19-N19 -> 0 | L19: N/A | M19: N/A | N19: =G19+H19-F19 -> 757320000 | O19: =N19-G19 -> 757320000 | P19: N/A | Q19: =(H19-F19)/(H19-G19) -> 1
A20: 2241 | B20: Proyecto construcción, equipamiento y puesta en operación de las líneas 1 y 2 del Sistema de Tren Rápido de Pasajeros (TRP) en la Gran Área Metropolitana | C20: ='Anexo 1'!C20 -> INCOFER | D20: ='Anexo 1'!E20 -> 550000000 | E20: 0 | F20: 0 | G20: 0 | H20: 5.7653689e+08 | I20: =F20-G20 -> 0 | J20: =F20-E20 -> 0 | K20: =H20-N20 -> 0 | L20: N/A | M20: N/A | N20: =G20+H20-F20 -> 5.7653689e+08 | O20: =N20-G20 -> 5.7653689e+08 | P20: N/A | Q20: =(H20-F20)/(H20-G20) -> 1
D21: =SUM(D13:D20) -> 2.7257712e+09
A23: BEI
A24: 97486 | B24: Proyecto construcción, equipamiento y puesta en operación de las líneas 1 y 2 del Sistema de Tren Rápido de Pasajeros (TRP) en la Gran Área Metropolitana | C24: ='Anexo 1'!C24 -> INCOFER | D24: ='Anexo 1'!E24 -> 250000000 | E24: 0 | F24: 0 | G24: 0 | H24: 250000000 | I24: =F24-G24 -> 0 | J24: =F24-E24 -> 0 | K24: =H24-N24 -> 0 | L24: N/A | M24: N/A | N24: =G24+H24-F24 -> 250000000 | O24: =N24-G24 -> 250000000 | P24: N/A | Q24: =(H24-F24)/(H24-G24) -> 1
D25: =SUM(D24) -> 250000000
A27: BID
A28: 3071/OC-CR | B28: Programa de Infraestructura de Transporte | C28: ='Anexo 1'!C28 -> MOPT | D28: ='Anexo 1'!E28 -> 400000000 | E28: 107000000 | F28: 343000000 | G28: 3.204137e+08 | H28: 450000000 | I28: =F28-G28 -> 22586299 | J28: =F28-E28 -> 236000000 | K28: =H28-N28 -> 22586299 | L28: =F28/G28 -> 1.0704911 | M28: =F28/E28 -> 3.2056075 | N28: =G28+H28-F28 -> 4.274137e+08 | O28: =N28-G28 -> 1.07e+08 | P28: =((+'Anexo 2'!J28*12)-(('Anexo 2'!L28)*12))/M28 -> -21.096593 | Q28: =(H28-F28)/(H28-G28) -> 0.82570457
A29: 3072/CH-CR | D29: ='Anexo 1'!E29 -> 50000000 | J29: =F29-E29 -> 0 | K29: =H29-N29 -> 0 | L29: =F29/G29 -> #DIV/0! | M29: =F29/E29 -> #DIV/0! | N29: =G29+H29-F29 -> 0 | O29: =N29-G29 -> 0 | P29: =((+'Anexo 2'!J29*12)-(('Anexo 2'!L29)*12))/M29 -> #DIV/0!
A30: =+'Anexo 1'!A30 -> 4864/OC-CR | B30: Programa de Infraestructura Vial y Promoción de Asociaciones Público-Privadas | C30: ='Anexo 1'!C30 -> MOPT | D30: ='Anexo 1'!E30 -> 125000000 | E30: 85188556 | F30: 74807680 | G30: 74743115 | H30: 1.9564792e+08 | I30: =F30-G30 -> 64565.19 | J30: =F30-E30 -> -10380876 | K30: =H30-N30 -> 64565.19 | L30: =F30/G30 -> 1.0008638 | M30: =F30/E30 -> 0.87814236 | N30: =G30+H30-F30 -> 1.9558335e+08 | O30: =N30-G30 -> 1.2084024e+08 | P30: =((+'Anexo 2'!J30*12)-(('Anexo 2'!L30)*12))/M30 -> -10.295706 | Q30: =(H30-F30)/(H30-G30) -> 0.99946598
A31: =+'Anexo 1'!A31 -> 4871/OC-CR | B31: Programa de Seguridad Ciudadana y Prevención de Violencia | C31: ='Anexo 1'!C31 -> MJP | D31: ='Anexo 1'!E31 -> 100000000 | E31: 94923617 | F31: 82725022 | G31: 76719217 | H31: 1.0128103e+08 | I31: =F31-G31 -> 6005804.9 | J31: =F31-E31 -> -12198595 | K31: =H31-N31 -> 6005804.9 | L31: =F31/G31 -> 1.0782829 | M31: =F31/E31 -> 0.87149041 | N31: =G31+H31-F31 -> 95275228 | O31: =N31-G31 -> 18556012 | P31: =((+'Anexo 2'!J31*12)-(('Anexo 2'!L31)*12))/M31 -> -3.998818 | Q31: =(H31-F31)/(H31-G31) -> 0.75548206
A32: 5823/OC-CR | B32: Programa de Infraestructura Vial y Movilidad Urbana: Conectividad Resiliente | C32: ='Anexo 1'!C32 -> MOPT | D32: ='Anexo 1'!E32 -> 225000000 | E32: =SUM('Anexo 3'!J32:M32) -> 2.1263607e+08 | F32: ='Anexo 2'!E32 -> 11854568 | G32: 8420496.4 | H32: 225000000 | I32: =F32-G32 -> 3434071.3 | J32: =F32-E32 -> -2.007815e+08 | K32: =H32-N32 -> 3434071.3 | L32: =F32/G32 -> 1.4078229 | M32: =F32/E32 -> 0.055750502 | N32: =G32+H32-F32 -> 2.2156593e+08 | O32: =N32-G32 -> 2.1314543e+08 | P32: =((+'Anexo 2'!J32*12)-(('Anexo 2'!L32)*12))/M32 -> 544.30372 | Q32: =(H32-F32)/(H32-G32) -> 0.98414406
A33: 6061/OC-CR | B33: Segundo Programa de Energía Renovable, Transmisión y Distribución de Electricidad | C33: ='Anexo 1'!C33 -> ICE | D33: ='Anexo 1'!E33 -> 200000000 | E33: 0 | F33: 0 | G33: 0 | H33: 315 080 000,00 | I33: =F33-G33 -> 0 | J33: =F33-E33 -> 0 | K33: =H33-N33 -> 0 | L33: N/A | M33: N/A | N33: =G33+H33-F33 -> 315080000 | O33: =N33-G33 -> 315080000 | P33: N/A | Q33: =(H33-F33)/(H33-G33) -> 1
D34: =SUM(D28:D33) -> 1100000000
A36: BIRF
A37: 9075-CR | B37: Proyecto Hacienda Digital para el Bicentenario 2/ | C37: ='Anexo 1'!C37 -> MH | D37: ='Anexo 1'!E37 -> 126640000 | E37: 41372385 | F37: 30220308 | G37: 26906488 | H37: 126640000 | I37: =F37-G37 -> 3313820.4 | J37: =F37-E37 -> -11152077 | K37: =H37-N37 -> 3313820.4 | L37: =F37/G37 -> 1.1231606 | M37: =F37/E37 -> 0.73044636 | N37: =G37+H37-F37 -> 1.2332618e+08 | O37: =N37-G37 -> 96419692 | P37: =((+'Anexo 2'!J37*12)-(('Anexo 2'!L37)*12))/M37 -> 6.5263153 | Q37: =(H37-F37)/(H37-G37) -> 0.96677325
A38: 9502-CR | B38: Segundo Préstamo de Políticas de Desarrollo de la Gestión del Riesgo de Desastres en Costa Rica con Opción de Desembolso Diferido ante Catástrofes (CAT DDO) | C38: ='Anexo 1'!C38 -> CNE | D38: ='Anexo 1'!E38 -> 160000000 | E38: N/A | F38: N/A | G38: N/A | H38: N/A | I38: N/A | J38: N/A | K38: N/A | L38: N/A | M38: N/A | N38: N/A | O38: N/A | P38: N/A | Q38: N/A
A39: 9653-CR | B39: Programa de Reconstrucción y Desarrollo Territorial Resiliente al Clima | C39: ='Anexo 1'!C39 -> CNE | D39: ='Anexo 1'!E39 -> 350000000 | E39: 0 | F39: 0 | G39: 0 | H39: 3.6874845e+08 | I39: =F39-G39 -> 0 | J39: =F39-E39 -> 0 | K39: =H39-N39 -> 0 | L39: N/A | M39: N/A | N39: =G39+H39-F39 -> 3.6874845e+08 | O39: =N39-G39 -> 3.6874845e+08 | P39: N/A | Q39: =(H39-F39)/(H39-G39) -> 1
D40: =SUM(D37:D39) -> 636640000
A42: JICA
A43: CR-P5-2 | B43: Proyecto Geotérmico Borinquen I 3/ | C43: ='Anexo 1'!C43 -> ICE | D43: ='Anexo 1'!E43 -> 1.6000369e+08 | E43: =6805726838.87/'Anexo 5'!P79 -> 41896866 | F43: =6807379558.1/'Anexo 5'!P79 -> 41907040 | G43: =6807379558.1/'Anexo 5'!P79 -> 41907040 | H43: 2.9432902e+08 | I43: =F43-G43 -> 0 | J43: =F43-E43 -> 10174.337 | K43: =H43-N43 -> 0 | L43: =F43/G43 -> 1 | M43: =F43/E43 -> 1.0002428 | N43: =G43+H43-F43 -> 2.9432902e+08 | O43: =N43-G43 -> 2.5242198e+08 | P43: =((+'Anexo 2'!J43*12)-(('Anexo 2'!L43)*12))/M43 -> -0.39442476 | Q43: =(H43-F43)/(H43-G43) -> 1
D44: =SUM(D43:D43) -> 1.6000369e+08
A46: OPEC FUND
A47: 16603P | B47: Proyecto Ampliación y Mejoramiento del Corredor Vial San José-San Ramón | C47: ='Anexo 1'!C47 -> CONAVI | D47: ='Anexo 1'!E47 -> 170000000 | E47: 0 | F47: 0 | G47: 0 | H47: 170000000 | I47: =F47-G47 -> 0 | J47: =F47-E47 -> 0 | K47: =H47-N47 -> 0 | L47: N/A | M47: N/A | N47: =G47+H47-F47 -> 170000000 | O47: =N47-G47 -> 170000000 | P47: N/A | Q47: =(H47-F47)/(H47-G47) -> 1
D48: =SUM(D47:D47) -> 170000000
A50: G. TOTAL en US$ | D50: =D21+D25+D34+D40+D44+D48 -> 5.0424149e+09
A53: Fuente: Base de datos SIGADE v. 6.2.0.0 / Informes de unidades ejecutoras y coordinadoras (UE/UCP).
A55: Notas:
A56: 1/ Para efectos de medir el indicador TTC se utilizan las fechas vigentes de finalización de los contratos de préstamo.
A57: 2/ El monto del crédito se actualizó a partir de dos rescisiones de US$ 15MM cada una, mismas formalizadas en junio de 2025 y marzo de 2026.
A58: 3/ Para dolarizar los montos de los préstamos cuya moneda contractual no fue pactada en dólares, se utilizó como referencia el valor del tipo de cambio al 30 de junio de 2026 de dicha moneda con respecto al dólar.
A60: Abreviaturas:
A61: N/A= No aplica.

Sheet Anexo 7
A4: ANEXO N° 7:
A5: AJUSTES EN EL MONTO TOTAL DEL PLAN DE INVERSIÓN DE LOS PROGRAMAS/PROYECTOS EN EJECUCIÓN
A6: (cifras expresadas en valores absolutos en US$)
A7: 46203
A9: Referencia del Acreedor | B9: Nombre del Programa/Proyecto | C9: Acreedor | D9: Organismo Ejecutor | E9: Ajuste a Reportar | F9: Tipo de ajuste en el Plan de Inversión Vigente (PIV) | G9: Fuente de financiamiento que respalda ajuste en el PIV | H9: Monto a ser Modificado (US$) | I9: Causas del ajuste en el Plan de Inversión Vigente (PIV) | J9: Impacto del ajuste del PIV del Programa/Proyecto | K9: ¿Alcance afectado? | L9: ¿Plazo afectado? | M9: Afectación en meses | N9: Información o detalles adicionales a compartir | O9: Ubicación del Programa/ Proyecto | P9: Sector
A11: BCIE
A12: 2129 | B12: Proyecto de Reducción de Agua No Contabilizada y Optimización de la Eficiencia Energética en el GAM | C12: BCIE | D12: AyA | E12: Modificación | F12: Aumento | G12: Contrapartida Nacional | H12: 106157.21 | I12: Retrasos en los procesos de contratación debido a apelaciones, objeciones y procedimientos licitatorios declarados infructuosos, lo que impidió concretar las adjudicaciones dentro de los plazos inicialmente previstos. Esta situación generó un ajuste en la contrapartida nacional por US$106.157,22. | J12: El ajuste corresponde a un incremento moderado en los costos asumidos por la contrapartida nacional, pasando de US$48.707.935,50 a US$48.814.092,71. No se modifica la estructura del Plan de Inversión ni la programación sustantiva del proyecto. | K12: No | L12: No | M12: No | N12: Los objetivos, metas, resultados esperados y alcance del proyecto se mantienen sin modificaciones. El ajuste responde únicamente a costos asociados a la prolongación de algunos procesos de contratación. No afecta el Plan de Inversión Vigente ni compromete la ejecución de las actividades programadas. El incremento representa aproximadamente un 0,22% del monto originalmente aprobado. | O12: Pacífico Central, Brunca, Chorotega, Huetar Caribe, Central Oeste, GAM | P12: Salud
A13: 2188-A | B13: Programa Acueductos y Alcantarillados en Ciudades Costeras (PAACC) | C13: BCIE | D13: AyA | E13: Modificación | F13: Disminución | G13: Contrapartida Nacional | H13: 3617082.4 | I13: En relación con la contrapartida institucional, se registró una disminución de USD 104.449.724,32 a USD 100.832.641,92, producto de la revisión de costos efectuada por la Unidad Ejecutora. No obstante, este monto podría experimentar variaciones adicionales una vez concluyan los procesos de cierre y finiquito correspondientes, por lo que su valor definitivo permanece sujeto a ajustes futuros. | J13: Como acciones complementarias y no estrictamente ligadas al ajuste en la contrapartida, el BCIE autorizó una ampliación de treinta y ocho (38) meses en el plazo para el retiro total de los recursos del préstamo, extendiéndolo hasta el 28 de junio de 2029. Asimismo, se aprobó una modificación del Programa Global de Inversiones (PGI), la cual implicó ajustes respecto de la planificación original y una reducción de su alcance, excluyéndose el proyecto denominado “Construcción de Alcantarillado Sanitario Moín”. | K13: Sí | L13: Sí | M13: 38 | N13: N/A | O13: Limón y Puntarenas | P13: Salud
A14: 2198 | B14: Programa de Alcantarillado y Control de Inundaciones para Limón | C14: BCIE | D14: AyA/SENARA | E14: Modificación | F14: Aumento | G14: Contrapartida Nacional | H14: 1284140 | I14: Para el caso de SENARA, fue necesario modificar el Plan Global de Inversiones (PGI) mediante el aumento del monto de la contrapartida institucional, para asignarlo al Componente de Administración y Supervisión, así como a las licitaciones de la parte ambiental, debido a que los fondos de contrapartida originalmente definidos no fueron suficientes para atender dichos rubros. | J14: Se posibilita, la atención completa del Componente de Administración y Supervisión, así como de las licitaciones de la parte ambiental. | K14: No | L14: No | M14: No | N14: Adicionalmente a este incremento del monto de contrapartida por parte del SENARA para el proyecto que ejecuta, durante el I semestre de 2026, se realizó una modificación contractual mediante la cual se otorgó tanto a SENARA como al AyA, un año adicional para la ejecución de las iniciativas que correspondientemente lideran en el margo del BCIE 2198, debido a que ambas instituciones requirieron de mayor plazo, para poder concluir adecuadamente, ya que contarán con plazo de desembolsos habilitado hasta el 26 de julio de 2027 (más un plazo adicional de 6 meses para conclusión de la fase de inversión de estos proyectos). | O14: Limón | P14: Salud
A16: BID
A17: 4871/OC-CR | B17: Programa de Seguridad Ciudadana y Prevención de Violencia | C17: BID | D17: Ministerio de Justicia y Paz | E17: Modificación | F17: Aumento | G17: Contrapartida Nacional | H17: 1281033.4 | I17: El Ministerio de Justicia y Paz decidió asignar estos recursos al proyecto, los cuales provienen de la ejecución de garantías de cumplimiento de los proyectos de Delegación Policial de Horquetas y Centro Cívico por la Paz de Puntarenas y el pago parcial del Acuerdo de Mediación del proyecto de Delegación Policial de Horquetas. | J17: No hay impacto en el proyecto. | K17: No | L17: No | M17: No | N17: Los recursos se destinaron al Centro de Mando y Control Policial. | O17: Todo el país | P17: Seguridad Ciudadana y justicia
A19: BIRF
A20: 9075-CR | B20: Proyecto Hacienda Digital para el Bicentenario | C20: BIRF | D20: Min. Hacienda | E20: Modificación | F20: Disminución | G20: Crédito | H20: 15000000 | I20: Las razones de la rescisión son: 1) ya se encuentran adjudicadas la mayoría de las contrataciones requeridas por el proyecto, 2) algunas contrataciones previstas fueron excluidas del Plan de Adquisiciones, ya que no se consideran necesarias para alcanzar los objetivos del proyecto y, 3) existen contrataciones que serán asumidas con recursos del presupuesto ordinario por parte del Ministerio de Hacienda. | J20: No afecta el cumplimiento de objetivos ni el alcance del proyecto. | K20: No | L20: No | M20: No | N20: El 31 de marzo 2026 el BIRF comunicó la aprobación de la cancelación parcial del crédito. Esta gestión correspondería a la segunda rescisión parcial del crédito (la primera, por US$15MM se formalizó en junio 2025). | O20: Todo el país | P20: Hacienda Pública
A24: Fuente: Base de datos SIGADE v. 6.2.0.0 / Informes de unidades ejecutoras y coordinadoras (UE/UCP).
A26: Abreviaturas:
A27: N/A= No aplica.
